Workbook

Sheet ДОХОДЫ
F3: Приложения
F4: к решению Думы Юсьвинского муниципального
F5: округа Пермского края
F6: от 16.09.2026 № 209
A7: Отчет об исполнении бюджета Юсьвинского муниципального округа Пермского края по доходам за 1 полугодие 2026 года
A9: Код бюджетной классификации Российской Федерации | B9: Наименование кода поступлений в бюджет, группы, подгруппы, статьи, подстатьи, элемента, подвида доходов, классификации операций сектора государственного управления | C9: Утверждено на 2026 год | D9: Уточненный план на 2026 год | E9: Утверждено на 1 полугодие 2026 года | F9: Исполнено на 01.07.2026 года | G9: % исполнения от годовых назначений | H9: % исполнения от квартальных назначений
A12: 1 | B12: 2 | C12: 3 | D12: 3 | E12: 4 | F12: 5 | G12: 6 | H12: 7
A13: 1 00 00 000 00 0000 000 | B13: НАЛОГОВЫЕ И НЕНАЛОГОВЫЕ ДОХОДЫ | C13: =C14+C55 -> 122555.71 | D13: =D14+D55 -> 122555.71 | E13: =E14+E55 -> 56020.413 | F13: =F14+F55 -> 56457.617 | G13: =F13/D13*100 -> 46.066899 | H13: =F13/E13*100 -> 100.78044
B14: Налоговые доходы | C14: =C15+C24+C32+C41+C50 -> 93750 | D14: =D15+D24+D32+D41+D50 -> 93750 | E14: =E15+E24+E32+E41+E50 -> 41475.5 | F14: =F15+F24+F32+F41+F50 -> 41826.241 | G14: =F14/D14*100 -> 44.614657 | H14: =F14/E14*100 -> 100.84566
A15: 1 01 00 000 00 0000 000 | B15: НАЛОГИ НА ПРИБЫЛЬ, ДОХОДЫ | C15: =C16 -> 52394 | D15: =D16 -> 52394 | E15: =E16 -> 23246 | F15: =F16 -> 23246.817 | G15: =F15/D15*100 -> 44.369236 | H15: =F15/E15*100 -> 100.00352
A16: 1 01 02 000 01 0000 110 | B16: Налог на доходы физических лиц | C16: =C17+C18+C19+C20+C22+C21+C23 -> 52394 | D16: =D17+D18+D19+D20+D22+D21+D23 -> 52394 | E16: =E17+E18+E19+E20+E22+E21+E23 -> 23246 | F16: =F17+F18+F19+F20+F22+F21+F23 -> 23246.817 | G16: =F16/D16*100 -> 44.369236 | H16: =F16/E16*100 -> 100.00352
A17: 1 01 02 010 01 0000 110 | B17: Налог на доходы физических лиц с доходов, источником которых является налоговый агент, за исключением доходов, в отношении которых исчисление и уплата налога осуществляются в соответствии со статьями 227, 227.1 и 228 Налогового кодекса Российской Федерации | C17: 45843 | D17: 45843 | E17: 20062 | F17: 20050.384 | G17: =F17/D17*100 -> 43.737069 | H17: =F17/E17*100 -> 99.942101
A18: 1 01 02 020 01 0000 110 | B18: Налог на доходы физических лиц с доходов, полученных от осуществления деятельности физическими лицами, зарегистрированными в качестве индивидуальных предпринимателей, нотариусов, занимающихся частной практикой, адвокатов, учредивших адвокатские кабинеты, и других лиц, занимающихся частной практикой в соответствии со статьей 227 Налогового кодекса Российской Федерации | C18: 40 | D18: 40 | E18: 17 | F18: 16.93754 | G18: =F18/D18*100 -> 42.34385 | H18: =F18/E18*100 -> 99.632588
A19: 1 01 02 030 01 0000 110 | B19: Налог на доходы физических лиц с доходов, полученных физическими лицами в соответствии со статьей 228 Налогового кодекса Российской Федерации | C19: 443 | D19: 443 | E19: 31 | F19: 30.94196 | G19: =F19/D19*100 -> 6.9846411 | H19: =F19/E19*100 -> 99.812774
A20: 1 01 02 040 01 0000 110 | B20: Налог на доходы физических лиц в виде фиксированных авансовых платежей с доходов, полученных физическими лицами, являющимися иностранными гражданами, осуществляющими трудовую деятельность по найму на основании патента в соответствии со статьей 227.1 Налогового кодекса Российской Федерации | C20: 46 | D20: 46 | E20: 0 | F20: 0 | G20: =F20/D20*100 -> 0 | H20: 0
A21: 1 01 02 080 01 0000 110 | B21: Налог на доходы физических лиц в части суммы налога, превышающей 650 000 рублей, относящейся к части налоговой базы, превышающей 5 000 000 рублей (за исключением налога на доходы физических лиц с сумм прибыли контролируемой иностранной компании, в том числе фиксированной прибыли контролируемой иностранной компании, а также налога на доходы физических лиц в отношении доходов от долевого участия в организации, полученных физическим лицом - налоговым резидентом Российской Федерации в виде дивидендов) | C21: 0 | D21: 0 | E21: 0 | F21: 14.93082 | G21: 0 | H21: 0
A22: 1 01 02 130 01 0000 110 | B22: Налог на доходы физических лиц в отношении доходов от долевого участия в организации, полученных физическим лицом - налоговым резидентом Российской Федерации в виде дивидендов (в части суммы налога, не превышающей 650 000 рублей) (сумма платежа (перерасчеты, недоимка и задолженность по соответствующему платежу, в том числе по отмененному) | C22: 9 | D22: 9 | E22: 0 | F22: 0.0003 | G22: =F22/D22*100 -> 0.0033333333 | H22: 0
A23: 1 01 02 210 01 0000 110 | B23: Налог на доходы физических лиц в части суммы налога, относящейся к налоговой базе, указанной в пункте 6.2 статьи 210 Налогового кодекса Российской Федерации, не превышающей 5 миллионов рублей | C23: 6013 | D23: 6013 | E23: 3136 | F23: 3133.6224 | G23: =F23/D23*100 -> 52.114127 | H23: =F23/E23*100 -> 99.924185
A24: 1 03 00 000 00 0000 000 | B24: НАЛОГИ НА ТОВАРЫ (РАБОТЫ, УСЛУГИ), РЕАЛИЗУЕМЫЕ НА ТЕРРИТОРИИ РОССИЙСКОЙ ФЕДЕРАЦИИ | C24: =C25+C30 -> 27711.7 | D24: =D25+D30 -> 27711.7 | E24: =E25+E30 -> 12295 | F24: =F25+F30 -> 12294.906 | G24: =F24/D24*100 -> 44.367203 | H24: =F24/E24*100 -> 99.999237
A25: 1 03 02 000 01 0000 110 | B25: Акцизы по подакцизным товарам (продукции), производимым на территории Российской Федерации | C25: =C26+C27+C28+C29 -> 27676.7 | D25: =D26+D27+D28+D29 -> 27676.7 | E25: =E26+E27+E28+E29 -> 12290 | F25: =F26+F27+F28+F29 -> 12290.395 | G25: =F25/D25*100 -> 44.407011 | H25: =F25/E25*100 -> 100.00322
A26: 1 03 02 231 01 0000 110 | B26: Доходы от уплаты акцизов на дизельное топливо, подлежащие распределению между бюджетами субъектов Российской Федерации и местными бюджетами с учетом установленных дифференцированных нормативов отчислений в местные бюджеты (по нормативам, установленным Федеральным законом о федеральном бюджете в целях формирования дорожных фондов субъектов Российской Федерации) | C26: 14482.4 | D26: 14482.4 | E26: 6203 | F26: 6203.4185 | G26: =F26/D26*100 -> 42.834188 | H26: =F26/E26*100 -> 100.00675
A27: 1 03 02 241 01 0000 110 | B27: Доходы от уплаты акцизов на моторные масла для дизельных и (или) карбюраторных (инжекторных) двигателей, подлежащие распределению между бюджетами субъектов Российской Федерации и местными бюджетами с учетом установленных дифференцированных нормативов отчислений в местные бюджеты (по нормативам, установленным Федеральным законом о федеральном бюджете в целях формирования дорожных фондов субъектов Российской Федерации) | C27: 70.7 | D27: 70.7 | E27: 38.8 | F27: 38.76273 | G27: =F27/D27*100 -> 54.827058 | H27: =F27/E27*100 -> 99.903943
A28: 1 03 02 251 01 0000 110 | B28: Доходы от уплаты акцизов на автомобильный бензин, подлежащие распределению между бюджетами субъектов Российской Федерации и местными бюджетами с учетом установленных дифференцированных нормативов отчислений в местные бюджеты (по нормативам, установленным Федеральным законом о федеральном бюджете в целях формирования дорожных фондов субъектов Российской Федерации) | C28: 14008.4 | D28: 14008.4 | E28: 6740.7 | F28: 6740.714 | G28: =F28/D28*100 -> 48.119086 | H28: =F28/E28*100 -> 100.00021
A29: 1 03 02 261 01 0000 110 | B29: Доходы от уплаты акцизов на прямогонный бензин, подлежащие распределению между бюджетами субъектов Российской Федерации и местными бюджетами с учетом установленных дифференцированных нормативов отчислений в местные бюджеты (по нормативам, установленным Федеральным законом о федеральном бюджете в целях формирования дорожных фондов субъектов Российской Федерации) | C29: -884.8 | D29: -884.8 | E29: -692.5 | F29: -692.50008 | G29: =F29/D29*100 -> 78.266284 | H29: =F29/E29*100 -> 100.00001
A30: 1 03 03 000 01 0000 110 | B30: Туристический налог | C30: =C31 -> 35 | D30: =D31 -> 35 | E30: =E31 -> 5 | F30: =F31 -> 4.511 | G30: =F30/D30*100 -> 12.888571 | H30: =F30/E30*100 -> 90.22
A31: 1 03 03 000 01 0000 110 | B31: Туристический налог | C31: 35 | D31: 35 | E31: 5 | F31: 4.511 | G31: =F31/D31*100 -> 12.888571 | H31: =F31/E31*100 -> 90.22
A32: 1 05 00 000 00 0000 000 | B32: НАЛОГИ НА СОВОКУПНЫЙ ДОХОД | C32: =C37+C39+C33+C36 -> 2552 | D32: =D37+D39+D33+D36 -> 2552 | E32: =E37+E39+E33+E36 -> 1854.8 | F32: =F37+F39+F33+F36 -> 2205.4467 | G32: =F32/D32*100 -> 86.420324 | H32: =F32/E32*100 -> 118.90482
A33: 1 05 01 000 01 0000 110 | B33: Налог, взимаемый в связи с применением упрощенной системы налогообложения | C33: =C34+C35 -> 1403 | D33: =D34+D35 -> 1403 | E33: =E34+E35 -> 912 | F33: =F34+F35 -> 911.94884 | G33: =F33/D33*100 -> 64.999917 | H33: =F33/E33*100 -> 99.99439
A34: 1 05 01 011 01 0000 110 | B34: Налог, взимаемый с налогоплательщиков, выбравших в качестве объекта налогообложения доходы | C34: 891 | D34: 891 | E34: 567 | F34: 566.61273 | G34: =F34/D34*100 -> 63.592899 | H34: =F34/E34*100 -> 99.931698
A35: 1 05 01 021 01 0000 110 | B35: Налог, взимаемый с налогоплательщиков, выбравших в качестве объекта налогообложения доходы, уменьшенные на величину расходов | C35: 512 | D35: 512 | E35: 345 | F35: 345.33611 | G35: =F35/D35*100 -> 67.448459 | H35: =F35/E35*100 -> 100.09742
A36: 1 05 02 010 02 0000 110 | B36: Единый налог на вмененный доход для отдельных видов деятельности | C36: 0 | D36: 0 | E36: 0 | F36: 0 | G36: 0 | H36: 0
A37: 1 05 03 000 01 0000 110 | B37: Единый сельскохозяйственный налог | C37: =C38 -> 215 | D37: =D38 -> 215 | E37: =E38 -> 215 | F37: =F38 -> 565.71995 | G37: =F37/D37*100 -> 263.12556 | H37: =F37/E37*100 -> 263.12556
A38: 1 05 03 010 01 0000 110 | B38: Единый сельскохозяйственный налог | C38: 215 | D38: 215 | E38: 215 | F38: 565.71995 | G38: =F38/D38*100 -> 263.12556 | H38: =F38/E38*100 -> 263.12556
A39: 1 05 04 000 02 0000 110 | B39: Налог, взимаемый в связи с применением патентной системы налогообложения | C39: =C40 -> 934 | D39: =D40 -> 934 | E39: =E40 -> 727.8 | F39: =F40 -> 727.77787 | G39: =F39/D39*100 -> 77.920543 | H39: =F39/E39*100 -> 99.996959
A40: 1 05 04 060 02 0000 110 | B40: Налог, взимаемый в связи с применением патентной системы налогообложения, зачисляемый в бюджеты муниципальных округов | C40: 934 | D40: 934 | E40: 727.8 | F40: 727.77787 | G40: =F40/D40*100 -> 77.920543 | H40: =F40/E40*100 -> 99.996959
A41: 1 06 00 000 00 0000 000 | B41: НАЛОГИ НА ИМУЩЕСТВО | C41: =C44+C43+C47 -> 6107 | D41: =D44+D43+D47 -> 6107 | E41: =E44+E43+E47 -> 1531 | F41: =F44+F43+F47 -> 1530.3963 | G41: =F41/D41*100 -> 25.059707 | H41: =F41/E41*100 -> 99.960569
A42: ﻿1 06 01000 00 0000 110 | B42: ﻿Налог на имущество физических лиц | C42: =C43 -> 1825 | D42: =D43 -> 1825 | E42: =E43 -> 105 | F42: =F43 -> 105.15849 | G42: =F42/D42*100 -> 5.762109 | H42: =F42/E42*100 -> 100.15094
A43: 1 06 01020 14 0000 110 | B43: Налог на имущество физических лиц, взимаемый по ставкам, применяемым к объектам налогообложения, расположенным в границах муниципальных округов | C43: 1825 | D43: 1825 | E43: 105 | F43: 105.15849 | G43: =F43/D43*100 -> 5.762109 | H43: =F43/E43*100 -> 100.15094
A44: 1 06 04 000 02 0000 110 | B44: Транспортный налог | C44: =C45+C46 -> 0 | D44: =D45+D46 -> 0 | E44: =E45+E46 -> 0 | F44: =F45+F46 -> 0 | G44: =F44/D44*100 -> #DIV/0! | H44: =F44/E44*100 -> #DIV/0!
A45: 1 06 04 011 02 0000 110 | B45: Транспортный налог с организаций | C45: 0 | D45: 0 | E45: 0 | F45: 0 | G45: =F45/D45*100 -> #DIV/0! | H45: =F45/E45*100 -> #DIV/0!
A46: 1 06 04 012 02 0000 110 | B46: Транспортный налог с физических лиц | C46: 0 | D46: 0 | E46: 0 | F46: 0 | G46: =F46/D46*100 -> #DIV/0! | H46: =F46/E46*100 -> #DIV/0!
A47: 1 06 06000 00 0000 110 | B47: Земельный налог | C47: =SUM(C48:C49) -> 4282 | D47: =SUM(D48:D49) -> 4282 | E47: =SUM(E48:E49) -> 1426 | F47: =SUM(F48:F49) -> 1425.2378 | G47: =F47/D47*100 -> 33.284396 | H47: =F47/E47*100 -> 99.946551
A48: 1 06 06032 14 0000 110 | B48: Земельный налог с организаций, обладающих земельным участком, расположенным в границах муниципальных округов | C48: 2236 | D48: 2236 | E48: 1233 | F48: 1232.7178 | G48: =F48/D48*100 -> 55.13049 | H48: =F48/E48*100 -> 99.977109
A49: 1 06 06042 14 0000 110 | B49: Земельный налог с физических лиц, обладающих земельным участком, расположенным в границах муниципальных округов | C49: 2046 | D49: 2046 | E49: 193 | F49: 192.52006 | G49: =F49/D49*100 -> 9.4095826 | H49: =F49/E49*100 -> 99.751326
A50: 1 08 00 000 00 0000 000 | B50: ГОСУДАРСТВЕННАЯ ПОШЛИНА | C50: =C51+C53 -> 4985.3 | D50: =D51+D53 -> 4985.3 | E50: =E51+E53 -> 2548.7 | F50: =F51+F53 -> 2548.6746 | G50: =F50/D50*100 -> 51.123795 | H50: =F50/E50*100 -> 99.999002
A51: 1 08 03 000 01 0000 110 | B51: Государственная пошлина по делам, рассматриваемым в судах общей юрисдикции, мировыми судьями | C51: =C52 -> 4954.3 | D51: =D52 -> 4954.3 | E51: =E52 -> 2540.1 | F51: =F52 -> 2540.0646 | G51: =F51/D51*100 -> 51.269898 | H51: =F51/E51*100 -> 99.998605
A52: 1 08 03 010 01 0000 110 | B52: Государственная пошлина по делам, рассматриваемым в судах общей юрисдикции, мировыми судьями (за исключением Верховного Суда Российской Федерации) | C52: 4954.3 | D52: 4954.3 | E52: 2540.1 | F52: 2540.0646 | G52: =F52/D52*100 -> 51.269898 | H52: =F52/E52*100 -> 99.998605
A53: 1 08 04 000 01 0000 110 | B53: ﻿Государственная пошлина за совершение нотариальных действий (за исключением действий, совершаемых консульскими учреждениями Российской Федерации) | C53: =C54 -> 31 | D53: =D54 -> 31 | E53: =E54 -> 8.6 | F53: =F54 -> 8.61 | G53: =F53/D53*100 -> 27.774194 | H53: =F53/E53*100 -> 100.11628
A54: 1 08 04 020 01 0000 110 | B54: ﻿Государственная пошлина за совершение нотариальных действий должностными лицами органов местного самоуправления, уполномоченными в соответствии с законодательными актами Российской Федерации на совершение нотариальных действий | C54: 31 | D54: 31 | E54: 8.6 | F54: 8.61 | G54: =F54/D54*100 -> 27.774194 | H54: =F54/E54*100 -> 100.11628
B55: Неналоговые доходы | C55: =C56+C65+C72+C79+C98 -> 28805.713 | D55: =D56+D65+D72+D79+D98 -> 28805.713 | E55: =E56+E65+E72+E79+E98 -> 14544.913 | F55: =F56+F65+F72+F79+F98 -> 14631.376 | G55: =F55/D55*100 -> 50.793313 | H55: =F55/E55*100 -> 100.59446
A56: 1 11 00 000 00 0000 000 | B56: ДОХОДЫ ОТ ИСПОЛЬЗОВАНИЯ ИМУЩЕСТВА, НАХОДЯЩЕГОСЯ В ГОСУДАРСТВЕННОЙ И МУНИЦИПАЛЬНОЙ СОБСТВЕННОСТИ | C56: =C57+C64 -> 7558.7 | D56: =D57+D64 -> 7558.7 | E56: =E57+E64 -> 3596.4 | F56: =F57+F64 -> 3596.3277 | G56: =F56/D56*100 -> 47.578653 | H56: =F56/E56*100 -> 99.997989
A57: 1 11 05 000 00 0000 120 | B57: Доходы, получаемые в виде арендной либо иной платы за передачу в возмездное пользование государственного и муниципального имущества (за исключением имущества бюджетных и автономных учреждений, а также имущества государственных и муниципальных унитарных предприятий, в том числе казенных) | C57: =C58+C59+C60+C61+C62 -> 6357.7 | D57: =D58+D59+D60+D61+D62 -> 6357.7 | E57: =E58+E59+E60+E61+E62 -> 3004.8 | F57: =F58+F59+F60+F61+F62 -> 3004.7752 | G57: =F57/D57*100 -> 47.261984 | H57: =F57/E57*100 -> 99.999174
A58: 1 11 05 012 14 0000 120 | B58: ﻿Доходы, получаемые в виде арендной платы за земельные участки, государственная собственность на которые не разграничена и которые расположены в границах муниципальных округов, а также средства от продажи права на заключение договоров аренды указанных земельных участков | C58: 5538 | D58: 5538 | E58: 2683 | F58: 2682.6899 | G58: =F58/D58*100 -> 48.441493 | H58: =F58/E58*100 -> 99.988441
A59: 1 11 05 024 14 0000 120 | B59: Доходы, получаемые в виде арендной платы, а также средства от продажи права на заключение договоров аренды за земли, находящиеся в собственности муниципальных округов (за исключением земельных участков муниципальных бюджетных и автономных учреждений) | C59: 317 | D59: 317 | E59: 36.6 | F59: 36.61841 | G59: =F59/D59*100 -> 11.551549 | H59: =F59/E59*100 -> 100.0503
A60: 1 11 05 034 14 0000 120 | B60: Доходы от сдачи в аренду имущества, находящегося в оперативном управлении органов управления муниципальных округов и созданных ими учреждений (за исключением имущества муниципальных бюджетных и автономных учреждений) | C60: 335 | D60: 335 | E60: 148.1 | F60: 148.07819 | G60: =F60/D60*100 -> 44.202445 | H60: =F60/E60*100 -> 99.985273
A61: 1 11 05 074 14 0000 120 | B61: Доходы от сдачи в аренду имущества, составляющего казну муниципальных округов (за исключением земельных участков) | C61: 145.4 | D61: 145.4 | E61: 114.8 | F61: 114.84048 | G61: =F61/D61*100 -> 78.982448 | H61: =F61/E61*100 -> 100.03526
A62: 1 11 05 410 14 0000 120 | B62: Плата за публичный сервитут, предусмотренная решением уполномоченного органа об установлении публичного сервитута в отношении земельных участков, государственная собственность на которые не разграничена и которые расположены в границах муниципальных округов и не предоставленных гражданам или юридическим лицам (за исключением органов государственной власти (государственных органов), органов местного самоуправления (муниципальных органов), органов управления государственными внебюджетными фондами и казенных учреждений) | C62: 22.3 | D62: 22.3 | E62: 22.3 | F62: 22.54821 | G62: =F62/D62*100 -> 101.11305 | H62: =F62/E62*100 -> 101.11305
A63: 1 11 09000 00 0000 120 | B63: ﻿Прочие доходы от использования имущества и прав, находящихся в государственной и муниципальной собственности (за исключением имущества бюджетных и автономных учреждений, а также имущества государственных и муниципальных унитарных предприятий, в том числе казенных) | C63: =C64 -> 1201 | D63: =D64 -> 1201 | E63: =E64 -> 591.6 | F63: =F64 -> 591.5525 | G63: =F63/D63*100 -> 49.254996 | H63: =F63/E63*100 -> 99.991971
A64: 1 11 09 044 14 0000 120 | B64: Прочие поступления от использования имущества, находящегося в собственности муниципальных округов (за исключением имущества муниципальных бюджетных и автономных учреждений, а также имущества муниципальных унитарных предприятий, в том числе казенных) | C64: 1201 | D64: 1201 | E64: 591.6 | F64: 591.5525 | G64: =F64/D64*100 -> 49.254996 | H64: =F64/E64*100 -> 99.991971
A65: 1 13 00 000 00 0000 000 | B65: ДОХОДЫ ОТ ОКАЗАНИЯ ПЛАТНЫХ УСЛУГ И КОМПЕНСАЦИИ ЗАТРАТ ГОСУДАРСТВА | C65: =C66+C68 -> 17865.5 | D65: =D66+D68 -> 17865.5 | E65: =E66+E68 -> 8489.7 | F65: =F66+F68 -> 8488.933 | G65: =F65/D65*100 -> 47.515788 | H65: =F65/E65*100 -> 99.990966
A66: 1 13 01 000 00 0000 130 | B66: Доходы от оказания платных услуг (работ) | C66: =C67 -> 16516.1 | D66: =D67 -> 16516.1 | E66: =E67 -> 7847.3 | F66: =F67 -> 7845.959 | G66: =F66/D66*100 -> 47.504913 | H66: =F66/E66*100 -> 99.982911
A67: 1 13 01 994 14 0000 130 | B67: Прочие доходы от оказания платных услуг (работ) получателями средств бюджетов муниципальных округов | C67: 16516.1 | D67: 16516.1 | E67: 7847.3 | F67: 7845.959 | G67: =F67/D67*100 -> 47.504913 | H67: =F67/E67*100 -> 99.982911
A68: 1 13 02 000 00 0000 130 | B68: Доходы от компенсации затрат государства | C68: =C69+C70 -> 1349.4 | D68: =D69+D70 -> 1349.4 | E68: =E69+E70 -> 642.4 | F68: =F69+F70 -> 642.97409 | G68: =F68/D68*100 -> 47.648888 | H68: =F68/E68*100 -> 100.08937
A69: 1 13 02 064 14 0000 130 | B69: Доходы, поступающие в порядке возмещения расходов, понесенных в связи с эксплуатацией имущества муниципальных округов | C69: 1070 | D69: 1070 | E69: 363 | F69: 363.12091 | G69: =F69/D69*100 -> 33.936534 | H69: =F69/E69*100 -> 100.03331
A70: 1 13 02 994 14 0000 130 | B70: Прочие доходы от компенсации затрат бюджетов муниципальных округов | C70: =C71 -> 279.4 | D70: =D71 -> 279.4 | E70: =E71 -> 279.4 | F70: =F71 -> 279.85318 | G70: =F70/D70*100 -> 100.1622 | H70: =F70/E70*100 -> 100.1622
A71: 1 13 02 994 14 0000 130 | B71: Прочие доходы от компенсации затрат бюджетов муниципальных округов | C71: 279.4 | D71: 279.4 | E71: 279.4 | F71: 279.85318 | G71: =F71/D71*100 -> 100.1622 | H71: =F71/E71*100 -> 100.1622
A72: 1 14 00 000 00 0000 000 | B72: ДОХОДЫ ОТ ПРОДАЖИ МАТЕРИАЛЬНЫХ И НЕМАТЕРИАЛЬНЫХ АКТИВОВ | C72: =C76+C73 -> 1741.4 | D72: =D76+D73 -> 1741.4 | E72: =E76+E73 -> 1229.8 | F72: =F76+F73 -> 1229.4428 | G72: =F72/D72*100 -> 70.60083 | H72: =F72/E72*100 -> 99.970959
A73: ﻿1 14 02000 00 0000 000 | B73: ﻿Доходы от реализации имущества, находящегося в государственной и муниципальной собственности (за исключением движимого имущества бюджетных и автономных учреждений, а также имущества государственных и муниципальных унитарных предприятий, в том числе казенных) | C73: =C74+C75 -> 771.4 | D73: =D74+D75 -> 771.4 | E73: =E74+E75 -> 707.8 | F73: =F74+F75 -> 707.78613 | G73: 0 | H73: 0
A74: ﻿1 14 02043 14 0000 410 | B74: Доходы от реализации иного имущества, находящегося в собственности муниципальных округов (за исключением имущества муниципальных бюджетных и автономных учреждений, а также имущества муниципальных унитарных предприятий, в том числе казенных), в части реализации основных средств по указанному имуществу | C74: 651.1 | D74: 651.1 | E74: 587.5 | F74: 587.533 | G74: =F74/D74*100 -> 90.236984 | H74: =F74/E74*100 -> 100.00562
A75: ﻿1 14 02043 14 0000 440 | B75: Доходы от реализации имущества, находящегося в собственности муниципальных округов (за исключением имущества муниципальных бюджетных и автономных учреждений, а также имущества муниципальных унитарных предприятий, в том числе казенных), в части реализации материальных запасов по указанному имуществу | C75: 120.3 | D75: 120.3 | E75: 120.3 | F75: 120.25313 | G75: =F75/D75*100 -> 99.961039 | H75: =F75/E75*100 -> 99.961039
A76: 1 14 06 000 00 0000 430 | B76: Доходы от продажи земельных участков, находящихся в государственной и муниципальной собственности | C76: =C77+C78 -> 970 | D76: =D77+D78 -> 970 | E76: =E77+E78 -> 522 | F76: =F77+F78 -> 521.65672 | G76: =F76/D76*100 -> 53.779043 | H76: =F76/E76*100 -> 99.934238
A77: 1 14 06 012 14 0000 430 | B77: Доходы от продажи земельных участков, государственная собственность на которые не разграничена и которые расположены в границах муниципальных округов | C77: 752 | D77: 752 | E77: 315 | F77: 314.63116 | G77: =F77/D77*100 -> 41.83925 | H77: =F77/E77*100 -> 99.882908
A78: 1 14 06 024 14 0000 430 | B78: Доходы от продажи земельных участков, находящихся в собственности муниципальных округов (за исключением земельных участков муниципальных бюджетных и автономных учреждений) | C78: 218 | D78: 218 | E78: 207 | F78: 207.02556 | G78: =F78/D78*100 -> 94.965853 | H78: =F78/E78*100 -> 100.01235
A79: 1 16 00 000 00 0000 000 | B79: ШТРАФЫ, САНКЦИИ, ВОЗМЕЩЕНИЕ УЩЕРБА | C79: =SUM(C80:C97) -> 1362.6 | D79: =SUM(D80:D97) -> 1362.6 | E79: =SUM(E80:E97) -> 951.5 | F79: =SUM(F80:F97) -> 1038.8447 | G79: =F79/D79*100 -> 76.239886 | H79: =F79/E79*100 -> 109.17968
A80: ﻿1 16 01053 01 0000 140 | B80: ﻿Административные штрафы, установленные Главой 5 Кодекса Российской Федерации об административных правонарушениях, за административные правонарушения, посягающие на права граждан, налагаемые мировыми судьями, комиссиями по делам несовершеннолетних и защите их прав | C80: 63 | D80: 63 | E80: 4.5 | F80: 4.5 | G80: =F80/D80*100 -> 7.1428571 | H80: =F80/E80*100 -> 100
A81: ﻿1 16 01063 01 0000 140 | B81: ﻿Административные штрафы, установленные Главой 6 Кодекса Российской Федерации об административных правонарушениях, за административные правонарушения, посягающие на здоровье, санитарно-эпидемиологическое благополучие населения и общественную нравственность, налагаемые мировыми судьями, комиссиями по делам несовершеннолетних и защите их прав | C81: 226 | D81: 226 | E81: 40.7 | F81: 40.7159 | G81: =F81/D81*100 -> 18.015885 | H81: =F81/E81*100 -> 100.03907
A82: ﻿1 16 01073 01 0000 140 | B82: Административные штрафы, установленные главой 7 Кодекса Российской Федерации об административных правонарушениях, за административные правонарушения в области охраны собственности, налагаемые мировыми судьями, комиссиями по делам несовершеннолетних и защите их прав | C82: 126.5 | D82: 126.5 | E82: 112.5 | F82: 126.50002 | G82: =F82/D82*100 -> 100.00002 | H82: =F82/E82*100 -> 112.44446
A83: ﻿1 16 01074 01 0000 140 | B83: Административные штрафы, установленные главой 7 Кодекса Российской Федерации об административных правонарушениях, за административные правонарушения в области охраны собственности, выявленные должностными лицами органов муниципального контроля | C83: 0 | D83: 0 | E83: 0 | F83: 0 | G83: 0 | H83: 0
A84: ﻿1 16 01083 01 0000 140 | B84: Административные штрафы, установленные главой 8 Кодекса Российской Федерации об административных правонарушениях, за административные правонарушения в области охраны окружающей среды и природопользования, налагаемые мировыми судьями, комиссиями по делам несовершеннолетних и защите их прав | C84: 33 | D84: 33 | E84: 4.1 | F84: 4.09055 | G84: =F84/D84*100 -> 12.395606 | H84: =F84/E84*100 -> 99.769512
A85: ﻿1 16 01143 01 0000 140 | B85: Административные штрафы, установленные главой 14 Кодекса Российской Федерации об административных правонарушениях, за административные правонарушения в области предпринимательской деятельности и деятельности саморегулируемых организаций, налагаемые мировыми судьями, комиссиями по делам несовершеннолетних и защите их прав | C85: 4 | D85: 4 | E85: 0 | F85: 0 | G85: =F85/D85*100 -> 0 | H85: 0
A86: ﻿1 16 01153 01 0000 140 | B86: Административные штрафы, установленные главой 15 Кодекса Российской Федерации об административных правонарушениях, за административные правонарушения в области финансов, налогов и сборов, страхования, рынка ценных бумаг (за исключением штрафов, указанных в пункте 6 статьи 46 Бюджетного кодекса Российской Федерации), налагаемые мировыми судьями, комиссиями по делам несовершеннолетних и защите их прав | C86: 0 | D86: 0 | E86: 0 | F86: 0 | G86: 0 | H86: =F86/E86*100 -> #DIV/0!
A87: ﻿1 16 01157 01 0000 140 | B87: Административные штрафы, установленные главой 15 Кодекса Российской Федерации об административных правонарушениях, за административные правонарушения в области финансов, связанные с нецелевым использованием бюджетных средств, невозвратом либо несвоевременным возвратом бюджетного кредита, неперечислением либо несвоевременным перечислением платы за пользование бюджетным кредитом, нарушением условий предоставления бюджетного кредита, нарушением порядка и (или) условий предоставления (расходования) межбюджетных трансфертов, нарушением условий предоставления бюджетных инвестиций, субсидий юридическим лицам, индивидуальным предпринимателям и физическим лицам, подлежащие зачислению в бюджет муниципального образования | C87: 0 | D87: 0 | E87: 0 | F87: 0 | G87: 0 | H87: 0
A88: ﻿1 16 01173 01 0000 140 | B88: Административные штрафы, установленные главой 17 Кодекса Российской Федерации об административных правонарушениях, за административные правонарушения, посягающие на институты государственной власти, налагаемые мировыми судьями, комиссиями по делам несовершеннолетних и защите их прав | C88: 8 | D88: 8 | E88: 0.8 | F88: 0.75924 | G88: =F88/D88*100 -> 9.4905 | H88: =F88/E88*100 -> 94.905
A89: ﻿1 16 01193 01 0000 140 | B89: Административные штрафы, установленные главой 19 Кодекса Российской Федерации об административных правонарушениях, за административные правонарушения против порядка управления, налагаемые мировыми судьями, комиссиями по делам несовершеннолетних и защите их прав | C89: 33 | D89: 33 | E89: 3.5 | F89: 3.45413 | G89: =F89/D89*100 -> 10.467061 | H89: =F89/E89*100 -> 98.689429
A90: ﻿1 16 01194 01 0000 140 | B90: Административные штрафы, установленные главой 19 Кодекса Российской Федерации об административных правонарушениях, за административные правонарушения против порядка управления, выявленные должностными лицами органов муниципального контроля | C90: 0 | D90: 0 | E90: 0 | F90: 0 | G90: =F90/D90*100 -> #DIV/0! | H90: =F90/E90*100 -> #DIV/0!
A91: ﻿1 16 01203 01 0000 140 | B91: ﻿Административные штрафы, установленные Главой 20 Кодекса Российской Федерации об административных правонарушениях, за административные правонарушения, посягающие на общественный порядок и общественную безопасность, налагаемые мировыми судьями, комиссиями по делам несовершеннолетних и защите их прав | C91: 143 | D91: 143 | E91: 74.3 | F91: 74.35387 | G91: =F91/D91*100 -> 51.995713 | H91: =F91/E91*100 -> 100.0725
A92: ﻿1 16 01333 01 0000 140 | B92: Административные штрафы, установленные Кодексом Российской Федерации об административных правонарушениях, за административные правонарушения в области производства и оборота этилового спирта, алкогольной и спиртосодержащей продукции, а также за административные правонарушения порядка ценообразования в части регулирования цен на этиловый спирт, алкогольную и спиртосодержащую продукцию, налагаемые мировыми судьями, комиссиями по делам несовершеннолетних и защите их прав | C92: 30 | D92: 30 | E92: 15 | F92: 15 | G92: =F92/D92*100 -> 50 | H92: =F92/E92*100 -> 100
A93: ﻿1 16 02020 02 0000 140 | B93: Административные штрафы, установленные законами субъектов Российской Федерации об административных правонарушениях, за нарушение муниципальных правовых актов | C93: 3.5 | D93: 3.5 | E93: 3.5 | F93: 3.5 | G93: 0 | H93: =F93/E93*100 -> 100
A94: ﻿1 16 07010 14 0000 140 | B94: Штрафы, неустойки, пени, уплаченные в случае просрочки исполнения поставщиком (подрядчиком, исполнителем) обязательств, предусмотренных муниципальным контрактом, заключенным муниципальным органом, казенным учреждением муниципального округа | C94: 0 | D94: 0 | E94: 0 | F94: 0 | G94: =F94/D94*100 -> #DIV/0! | H94: =F94/E94*100 -> #DIV/0!
A95: ﻿1 16 07090 14 0000 140 | B95: Иные штрафы, неустойки, пени, уплаченные в соответствии с законом или договором в случае неисполнения или ненадлежащего исполнения обязательств перед муниципальным органом, (муниципальным казенным учреждением) муниципального округа | C95: 18 | D95: 18 | E95: 18 | F95: 17.76369 | G95: =F95/D95*100 -> 98.687167 | H95: =F95/E95*100 -> 98.687167
A96: ﻿1 16 10032 14 0000 140 | B96: Прочее возмещение ущерба, причиненного муниципальному имуществу муниципального округа (за исключением имущества, закрепленного за муниципальными бюджетными (автономными) учреждениями, унитарными предприятиями) | C96: 60 | D96: 60 | E96: 60 | F96: 60.13114 | G96: =F96/D96*100 -> 100.21857 | H96: =F96/E96*100 -> 100.21857
A97: ﻿1 16 11050 01 0000 140 | B97: Платежи по искам о возмещении вреда, причиненного окружающей среде, а также платежи, уплачиваемые при добровольном возмещении вреда, причиненного окружающей среде (за исключением вреда, причиненного окружающей среде на особо охраняемых природных территориях, а также вреда, причиненного водным объектам), подлежащие зачислению в бюджет муниципального образования | C97: 614.6 | D97: 614.6 | E97: 614.6 | F97: 688.07615 | G97: =F97/D97*100 -> 111.95512 | H97: =F97/E97*100 -> 111.95512
A98: 1 17 00 000 00 0000 000 | B98: ПРОЧИЕ НЕНАЛОГОВЫЕ ДОХОДЫ | C98: =C99+C103+C101 -> 277.51261 | D98: =D99+D103+D101 -> 277.51261 | E98: =E99+E103+E101 -> 277.51261 | F98: =F99+F103+F101 -> 277.82752 | G98: =F98/D98*100 -> 100.11348 | H98: =F98/E98*100 -> 100.11348
A99: 1 17 01 000 00 0000 180 | B99: Невыясненные поступления | C99: =C100 -> 0 | D99: =D100 -> 0 | E99: =E100 -> 0 | F99: =F100 -> 0 | G99: 0 | H99: 0
A100: 1 17 01 040 14 0000 180 | B100: Невыясненные поступления, зачисляемые в бюджеты муниципальных округов | C100: 0 | D100: 0 | E100: 0 | F100: 0 | G100: 0 | H100: 0
A101: 1 17 05 000 00 0000 180 | B101: Прочие неналоговые доходы | C101: =C102 -> 0 | D101: =D102 -> 0 | E101: =E102 -> 0 | F101: =F102 -> 0.31491 | G101: 0 | H101: 0
A102: 1 17 05 040 14 0000 180 | B102: Прочие неналоговые доходы бюджетов муниципальных округов | C102: 0 | D102: 0 | E102: 0 | F102: 0.31491 | G102: 0 | H102: 0
A103: 1 17 15 000 00 0000 000 | B103: ИНИЦИАТИВНЫЕ ПЛАТЕЖИ | C103: =C104 -> 277.51261 | D103: =D104 -> 277.51261 | E103: =E104 -> 277.51261 | F103: =F104 -> 277.51261 | G103: =F103/D103*100 -> 100 | H103: =F103/E103*100 -> 100
A104: 1 17 15 020 14 0000 150 | B104: Инициативные платежи, зачисляемые в бюджеты муниципальных округов | C104: 277.51261 | D104: 277.51261 | E104: 277.51261 | F104: 277.51261 | G104: =F104/D104*100 -> 100 | H104: =F104/E104*100 -> 100
A105: 2 00 00 000 00 0000 000 | B105: БЕЗВОЗМЕЗДНЫЕ ПОСТУПЛЕНИЯ | C105: =C106+C198+C202+C196+C200 -> 1317725.9 | D105: =D106+D198+D202+D196+D200 -> 1385680.2 | E105: =E106+E198+E202+E196+E200 -> 652873.09 | F105: =F106+F198+F202+F196+F200 -> 652902.8 | G105: =F105/D105*100 -> 47.117856 | H105: =F105/E105*100 -> 100.00455
...

Sheet расходы
A1: Отчет об исполнении бюджета Юсьвинского муниципального округа Пермского края по расходам за 1 полугодие 2026 года
K2: (тыс.руб.)
A3: Ведомство | B3: Раздел, подраздел | C3: Целевая статья | D3: Вид расходов | E3: Направление расходов (отрасль) | F3: Утверждено на 2026 год | G3: Уточненный план на 2026 год | H3: Утверждено на 1 полугодие 2026 года | I3: Исполнено на 01.07.2026 г. | J3: % исполнения от годовых назначений | K3: % исполнения от квартальных назначений
A4: 601 | E4: Администрация Юсьвинского муниципального округа Пермского края | F4: =F5+F106+F115+F166+F296+F425+F441+F419+F496 -> 689234.56 | G4: =G5+G106+G115+G166+G296+G425+G441+G419+G496 -> 771040.79 | H4: =H5+H106+H115+H166+H296+H425+H441+H419+H496 -> 260740.32 | I4: =I5+I106+I115+I166+I296+I425+I441+I419+I496 -> 259731.14 | J4: =I4/G4*100 -> 33.685784 | K4: =I4/H4*100 -> 99.612956
B5: 0100 | E5: Общегосударственные вопросы | F5: =F6+F13+F50+F57 -> 125647.66 | G5: =G6+G13+G50+G57 -> 125556.15 | H5: =H6+H13+H50+H57 -> 53358.631 | I5: =I6+I13+I50+I57 -> 52629.265 | J5: =I5/G5*100 -> 41.916914 | K5: =I5/H5*100 -> 98.633087
B6: 0102 | E6: Функционирование высшего должностного лица субъекта Российской Федерации и муниципального образования | F6: =F7 -> 4063.9 | G6: =G7 -> 4063.9 | H6: =H7 -> 1600 | I6: =I7 -> 1521.8704 | J6: =I6/G6*100 -> 37.448519 | K6: =I6/H6*100 -> 95.116897
C7: 00 0 00 00000 | E7: Муниципальные программы Юсьвинского муниципального округа Пермского края | F7: =F8 -> 4063.9 | G7: =G8 -> 4063.9 | H7: =H8 -> 1600 | I7: =I8 -> 1521.8704 | J7: =I7/G7*100 -> 37.448519 | K7: =I7/H7*100 -> 95.116897
C8: 01 0 00 00000 | E8: Муниципальная программа "Муниципальное управление в Юсьвинском муниципальном округе Пермского края" | F8: =F9 -> 4063.9 | G8: =G9 -> 4063.9 | H8: =H9 -> 1600 | I8: =I9 -> 1521.8704 | J8: =I8/G8*100 -> 37.448519 | K8: =I8/H8*100 -> 95.116897
C9: 01 2 00 00000 | E9: Подпрограмма "Организация деятельности по реализации вопросов местного значения Юсьвинского муниципального округа Пермского края" | F9: =F10 -> 4063.9 | G9: =G10 -> 4063.9 | H9: =H10 -> 1600 | I9: =I10 -> 1521.8704 | J9: =I9/G9*100 -> 37.448519 | K9: =I9/H9*100 -> 95.116897
C10: 01 2 10 00000 | E10: Основное мероприятие "Обеспечение исполнения администрацией Юсьвинского муниципального округа вопросов местного значения, предусмотренных законом РФ № 131-ФЗ" | F10: =F11 -> 4063.9 | G10: =G11 -> 4063.9 | H10: =H11 -> 1600 | I10: =I11 -> 1521.8704 | J10: =I10/G10*100 -> 37.448519 | K10: =I10/H10*100 -> 95.116897
C11: 01 2 10 4У060 | E11: Обеспечение выполнения функций главы муниципального округа - главы администрации Юсьвинского муниципального округа Пермского края | F11: =F12 -> 4063.9 | G11: =G12 -> 4063.9 | H11: =H12 -> 1600 | I11: =I12 -> 1521.8704 | J11: =I11/G11*100 -> 37.448519 | K11: =I11/H11*100 -> 95.116897
D12: 100 | E12: Расходы на выплаты персоналу в целях обеспечения выполнения функций государственными (муниципальными) органами, казенными учреждениями, органами управления государственными внебюджетными фондами | F12: 4063.9 | G12: 4063.9 | H12: 1600 | I12: 1521.8704 | J12: =I12/G12*100 -> 37.448519 | K12: =I12/H12*100 -> 95.116897
B13: 0104 | E13: Функционирование Правительства Российской Федерации, высших исполнительных органов государственной власти субъектов Российской Федерации, местных администраций | F13: =F14+F44 -> 62251.1 | G13: =G14+G44 -> 62206.555 | H13: =H14+H44 -> 24813.751 | I13: =I14+I44 -> 24244.856 | J13: =I13/G13*100 -> 38.97476 | K13: =I13/H13*100 -> 97.707338
C14: 00 0 00 00000 | E14: Муниципальные программы Юсьвинского муниципального округа Пермского края | F14: =F15+F36 -> 62108.8 | G14: =G15+G36 -> 62064.255 | H14: =H15+H36 -> 24813.751 | I14: =I15+I36 -> 24244.856 | J14: =I14/G14*100 -> 39.064121 | K14: =I14/H14*100 -> 97.707338
C15: 01 0 00 00000 | E15: Муниципальная программа "Муниципальное управления в Юсьвинском муниципальном округе Пермского края" | F15: =F16+F21 -> 62009.6 | G15: =G16+G21 -> 61941.6 | H15: =H16+H21 -> 24794.051 | I15: =I16+I21 -> 24225.156 | J15: =I15/G15*100 -> 39.109671 | K15: =I15/H15*100 -> 97.705517
C16: 01 2 00 00000 | E16: Подпрограмма "Организация деятельности по реализации вопросов местного значения Юсьвинского муниципального округа Пермского края" | F16: =F17 -> 59720.6 | G16: =G17 -> 59652.6 | H16: =H17 -> 23800 | I16: =I17 -> 23231.105 | J16: =I16/G16*100 -> 38.943994 | K16: =I16/H16*100 -> 97.609684
C17: 01 2 10 00000 | E17: Основное мероприятие "Обеспечение исполнения администрацией Юсьвинского муниципального округа вопросов местного значения, предусмотренных законом РФ № 131-ФЗ" | F17: =F18 -> 59720.6 | G17: =G18 -> 59652.6 | H17: =H18 -> 23800 | I17: =I18 -> 23231.105 | J17: =I17/G17*100 -> 38.943994 | K17: =I17/H17*100 -> 97.609684
C18: 01 2 10 4У070 | E18: Обеспечение выполнения функций администрации Юсьвинского муниципального округа и её структурных подразделений | F18: =F19+F20 -> 59720.6 | G18: =G19+G20 -> 59652.6 | H18: =H19+H20 -> 23800 | I18: =I19+I20 -> 23231.105 | J18: =I18/G18*100 -> 38.943994 | K18: =I18/H18*100 -> 97.609684
D19: 100 | E19: Расходы на выплаты персоналу в целях обеспечения выполнения функций государственными (муниципальными) органами, казенными учреждениями, органами управления государственными внебюджетными фондами | F19: 56891.2 | G19: 56987.03 | H19: 22500 | I19: 22105.298 | J19: =I19/G19*100 -> 38.790051 | K19: =I19/H19*100 -> 98.24577
D20: 200 | E20: Закупка товаров, работ и услуг для обеспечения государственных (муниципальных) нужд | F20: 2829.4 | G20: 2665.5699 | H20: 1300 | I20: 1125.8065 | J20: =I20/G20*100 -> 42.235117 | K20: =I20/H20*100 -> 86.600503
C21: 01 3 00 00000 | E21: Подпрограмма "Организация деятельности по осуществлению администрацией Юсьвинского муниципального округа Пермского края переданных отдельных государственных полномочий" | F21: =F22 -> 2289 | G21: =G22 -> 2289 | H21: =H22 -> 994.05111 | I21: =I22 -> 994.05111 | J21: =I21/G21*100 -> 43.427309 | K21: =I21/H21*100 -> 100
C22: 01 3 10 00000 | E22: Основное мероприятие "Обеспечение выполнения переданных отдельных государственных полномочий" | F22: =F33+F25+F28+F30+F23 -> 2289 | G22: =G33+G25+G28+G30+G23 -> 2289 | H22: =H33+H25+H28+H30+H23 -> 994.05111 | I22: =I33+I25+I28+I30+I23 -> 994.05111 | J22: =I22/G22*100 -> 43.427309 | K22: =I22/H22*100 -> 100
C23: 01 3 10 2Т060 | E23: Осуществление полномочий по регулированию тарифов на перевозки пассажиров и багажа автомобильным и городским электрическим транспортом на муниципальных маршрутах регулярных перевозок | F23: =F24 -> 17.5 | G23: =G24 -> 17.5 | H23: =H24 -> 0 | I23: =I24 -> 0 | J23: =I23/G23*100 -> 0
D24: 200 | E24: Закупка товаров, работ и услуг для обеспечения государственных (муниципальных) нужд | F24: 17.5 | G24: 17.5 | H24: 0 | I24: 0 | J24: =I24/G24*100 -> 0
C25: 01 3 10 2В230 | E25: Обеспечение хранения, комплектования, учет и использование архивных документов государственной части архивного фонда Пермского края | F25: =SUM(F26:F27) -> 696.6 | G25: =SUM(G26:G27) -> 696.6 | H25: =SUM(H26:H27) -> 330.9 | I25: =SUM(I26:I27) -> 330.9 | J25: =I25/G25*100 -> 47.502153 | K25: =I25/H25*100 -> 100
D26: 100 | E26: Расходы на выплаты персоналу в целях обеспечения выполнения функций государственными (муниципальными) органами, казенными учреждениями, органами управления государственными внебюджетными фондами | F26: 660.5 | G26: 660.5 | H26: 294.8 | I26: 294.8 | J26: =I26/G26*100 -> 44.632854 | K26: =I26/H26*100 -> 100
D27: 200 | E27: Закупка товаров, работ и услуг для обеспечения государственных (муниципальных) нужд | F27: 36.1 | G27: 36.1 | H27: 36.1 | I27: 36.1 | J27: =I27/G27*100 -> 100 | K27: =I27/H27*100 -> 100
C28: 01 3 10 2П040 | E28: Составление протоколов об административных правонарушениях | F28: =F29 -> 20.9 | G28: =G29 -> 20.9 | H28: =H29 -> 0 | I28: =I29 -> 0 | J28: =I28/G28*100 -> 0
D29: 200 | E29: Закупка товаров, работ и услуг для обеспечения государственных (муниципальных) нужд | F29: 20.9 | G29: 20.9 | H29: 0 | I29: 0 | J29: =I29/G29*100 -> 0
C30: 01 3 10 2П060 | E30: Осуществление полномочий по созданию и организации деятельности административных комиссий | F30: =SUM(F31:F32) -> 79.3 | G30: =SUM(G31:G32) -> 79.3 | H30: =SUM(H31:H32) -> 0.3406 | I30: =SUM(I31:I32) -> 0.3406 | J30: =I30/G30*100 -> 0.4295082 | K30: =I30/H30*100 -> 100
D31: 100 | E31: Расходы на выплаты персоналу в целях обеспечения выполнения функций государственными (муниципальными) органами, казенными учреждениями, органами управления государственными внебюджетными фондами | F31: 23 | G31: 23 | H31: 0 | I31: 0 | J31: =I31/G31*100 -> 0
D32: 200 | E32: Закупка товаров, работ и услуг для обеспечения государственных (муниципальных) нужд | F32: 56.3 | G32: 56.3 | H32: 0.3406 | I32: 0.3406 | J32: =I32/G32*100 -> 0.60497336 | K32: =I32/H32*100 -> 100
C33: 01 3 10 2С150 | E33: Образование комиссий по делам несовершеннолетних и защите их прав и организация их деятельности | F33: =SUM(F34:F35) -> 1474.7 | G33: =SUM(G34:G35) -> 1474.7 | H33: =SUM(H34:H35) -> 662.81051 | I33: =SUM(I34:I35) -> 662.81051 | J33: =I33/G33*100 -> 44.945447 | K33: =I33/H33*100 -> 100
D34: 100 | E34: Расходы на выплаты персоналу в целях обеспечения выполнения функций государственными (муниципальными) органами, казенными учреждениями, органами управления государственными внебюджетными фондами | F34: 1344.2 | G34: 1344.2 | H34: 626.4564 | I34: 626.4564 | J34: =I34/G34*100 -> 46.604404 | K34: =I34/H34*100 -> 100
D35: 200 | E35: Закупка товаров, работ и услуг для обеспечения государственных (муниципальных) нужд | F35: 130.5 | G35: 130.5 | H35: 36.35411 | I35: 36.35411 | J35: =I35/G35*100 -> 27.857556 | K35: =I35/H35*100 -> 100
C36: 04 0 00 00000 | E36: Муниципальная программа "Улучшение жилищных условий граждан, проживающих в Юсьвинском муниципальном округе Пермского края" | F36: =F40 -> 99.2 | G36: =G40+G37 -> 122.655 | H36: =H40 -> 19.7 | I36: =I40 -> 19.7 | J36: =I36/G36*100 -> 16.06131 | K36: =I36/H36*100 -> 100
C37: 04 0 20 00000 | E37: Основное мероприятие "Обеспечение жильем отдельных категорий граждан, установленных законодательством" | F37: =F38 -> 0 | G37: =G38 -> 23.455 | H37: =H38 -> 0 | I37: =I38 -> 0 | J37: =I37/G37*100 -> 0
C38: 04 0 20 2С520 | E38: Обеспечение жилыми помещениями реабилитированных лиц, имеющих инвалидность или являющихся пенсионерами, и проживающих совместно членов их семей | G38: =G39 -> 23.455 | H38: =H39 -> 0 | I38: =I39 -> 0 | J38: =I38/G38*100 -> 0
D39: 100 | E39: Расходы на выплаты персоналу в целях обеспечения выполнения функций государственными (муниципальными) органами, казенными учреждениями, органами управления государственными внебюджетными фондами | G39: 23.455 | H39: 0 | I39: 0 | J39: =I39/G39*100 -> 0
C40: 04 0 30 00000 | E40: Основное мероприятие "Обеспечение жильем детей- сирот и детей, оставшихся без попечения родителей, лиц из числа детей-сирот и детей, оставшихся без попечения родителей" | F40: =F41 -> 99.2 | G40: =G41 -> 99.2 | H40: =H41 -> 19.7 | I40: =I41 -> 19.7 | J40: =I40/G40*100 -> 19.858871 | K40: =I40/H40*100 -> 100
C41: 04 0 30 2С090 | E41: Организация осуществления государственных полномочий по обеспечению жилыми помещениями детей-сирот и детей, оставшихся без попечения родителей, лиц из их числа детей-сирот и детей, оставшихся без попечения родителей | F41: =F42+F43 -> 99.2 | G41: =G42+G43 -> 99.2 | H41: =H42+H43 -> 19.7 | I41: =I42+I43 -> 19.7 | J41: =I41/G41*100 -> 19.858871 | K41: =I41/H41*100 -> 100
D42: 100 | E42: Расходы на выплаты персоналу в целях обеспечения выполнения функций государственными (муниципальными) органами, казенными учреждениями, органами управления государственными внебюджетными фондами | F42: 79.5 | G42: 79.5 | H42: 0 | I42: 0 | J42: =I42/G42*100 -> 0
D43: 200 | E43: Закупка товаров, работ и услуг для обеспечения государственных (муниципальных) нужд | F43: 19.7 | G43: 19.7 | H43: 19.7 | I43: 19.7 | J43: =I43/G43*100 -> 100 | K43: =I43/H43*100 -> 100
C44: 90 0 00 00000 | E44: Непрограммные мероприятия | F44: =F45 -> 142.3 | G44: =G45 -> 142.3 | H44: =H45 -> 0 | I44: =I45 -> 0 | J44: =I44/G44*100 -> 0
C45: 92 0 00 00000 | E45: Мероприятия, осуществляемые органами местного самоуправления Юсьвинского муниципального округа в рамках непрограммных направлений | F45: =F48+F46 -> 142.3 | G45: =G48+G46 -> 142.3 | H45: =H48+H46 -> 0 | I45: =I48+I46 -> 0 | J45: =I45/G45*100 -> 0
C46: 92 0 00 00290 | E46: Обучение по программе "Эффективная реализация стратегических инвестиционно-строительных проектов 2.0" | F46: 136 | G46: 136 | J46: =I46/G46*100 -> 0
D47: 200 | E47: Закупка товаров, работ и услуг для обеспечения государственных (муниципальных) нужд | F47: 136 | G47: 136 | J47: =I47/G47*100 -> 0
C48: 92 0 00 2У100 | E48: Администрирование государственных полномочий по организации мероприятий при осуществлении деятельности по обращению с животными без владельцев | F48: =F49 -> 6.3 | G48: =G49 -> 6.3 | H48: =H49 -> 0 | I48: =I49 -> 0 | J48: =I48/G48*100 -> 0
D49: 200 | E49: Закупка товаров, работ и услуг для обеспечения государственных (муниципальных) нужд | F49: 6.3 | G49: 6.3 | J49: =I49/G49*100 -> 0
B50: 0105 | E50: Судебная система | F50: =F51 -> 34.9 | G50: =G51 -> 34.9 | H50: =H51 -> 34.9 | I50: =I51 -> 34.9 | J50: =I50/G50*100 -> 100
C51: 00 0 00 00000 | E51: Муниципальные программы Юсьвинского муниципального округа Пермского края | F51: =F52 -> 34.9 | G51: =G52 -> 34.9 | H51: =H52 -> 34.9 | I51: =I52 -> 34.9 | J51: =I51/G51*100 -> 100
C52: 01 0 00 00000 | E52: Муниципальная программа "Муниципальное управление в Юсьвинском муниципальном округе Пермского края" | F52: =F53 -> 34.9 | G52: =G53 -> 34.9 | H52: =H53 -> 34.9 | I52: =I53 -> 34.9 | J52: =I52/G52*100 -> 100
C53: 01 3 00 00000 | E53: Подпрограмма "Организация деятельности по осуществлению администрацией Юсьвинского муниципального округа переданных отдельных государственных полномочий" | F53: =F54 -> 34.9 | G53: =G54 -> 34.9 | H53: =H54 -> 34.9 | I53: =I54 -> 34.9 | J53: =I53/G53*100 -> 100
C54: 01 3 10 00000 | E54: Основное мероприятие "Обеспечение выполнения переданных государственных полномочий" | F54: =F55 -> 34.9 | G54: =G55 -> 34.9 | H54: =H55 -> 34.9 | I54: =I55 -> 34.9 | J54: =I54/G54*100 -> 100
C55: 01 3 10 51200 | E55: Осуществление полномочий по составлению (изменению, дополнению) списков кандидатов в присяжные заседатели федеральных судов общей юрисдикции в Российской Федерации | F55: =F56 -> 34.9 | G55: =G56 -> 34.9 | H55: =H56 -> 34.9 | I55: =I56 -> 34.9 | J55: =I55/G55*100 -> 100
D56: 200 | E56: Закупка товаров, работ и услуг для обеспечения государственных (муниципальных) нужд | F56: 34.9 | G56: 34.9 | H56: 34.9 | I56: 34.9 | J56: =I56/G56*100 -> 100
B57: 0113 | E57: Другие общегосударственные расходы | F57: =F58+F83 -> 59297.762 | G57: =G58+G83 -> 59250.797 | H57: =H58+H83 -> 26909.98 | I57: =I58+I83 -> 26827.639 | J57: =I57/G57*100 -> 45.278106 | K57: =I57/H57*100 -> 99.694013
C58: 00 0 00 00000 | E58: Муниципальные программы Юсьвинского муниципального округа Пермского края | F58: =F59+F77 -> 9502.4623 | G58: =G59+G77 -> 9076.8412 | H58: =H59+H77 -> 992.2 | I58: =I59+I77 -> 990.2115 | J58: =I58/G58*100 -> 10.909208 | K58: =I58/H58*100 -> 99.799587
C59: 01 0 00 00000 | E59: Муниципальная программа "Муниципальное управление в Юсьвинском муниципальном округе Пермского края" | F59: =F60+F66+F71 -> 2138.8 | G59: =G60+G66+G71 -> 2138.8 | H59: =H60+H66+H71 -> 992.2 | I59: =I60+I66+I71 -> 990.2115 | J59: =I59/G59*100 -> 46.297527 | K59: =I59/H59*100 -> 99.799587
C60: 01 1 00 00000 | E60: Подпрограмма "Формирование общедоступной информационно-коммуникационной среды" | F60: =F61 -> 687.2 | G60: =G61 -> 687.2 | H60: =H61 -> 323 | I60: =I61 -> 321.4615 | J60: =I60/G60*100 -> 46.778449 | K60: =I60/H60*100 -> 99.523684
C61: 01 1 20 00000 | E61: Основное мероприятие "Предоставление муниципальных услуг в электронном виде" | F61: =F62+F64 -> 687.2 | G61: =G62+G64 -> 687.2 | H61: =H62+H64 -> 323 | I61: =I62+I64 -> 321.4615 | J61: =I61/G61*100 -> 46.778449 | K61: =I61/H61*100 -> 99.523684
C62: 01 1 20 4У020 | E62: Обеспечение, сопровождение информационных систем, приобретение компьютерной оргтехники в целях автоматизации административно-управленческих процессов при выполнении функций администрации Юсьвинского муниципального округа Пермского края | F62: =F63 -> 610.7 | G62: =G63 -> 610.7 | H62: =H63 -> 263 | I62: =I63 -> 262.2465 | J62: =I62/G62*100 -> 42.941952 | K62: =I62/H62*100 -> 99.713498
D63: 200 | E63: Закупка товаров, работ и услуг для обеспечения государственных (муниципальных) нужд | F63: 610.7 | G63: 610.7 | H63: 263 | I63: 262.2465 | J63: =I63/G63*100 -> 42.941952 | K63: =I63/H63*100 -> 99.713498
C64: 01 1 20 4У040 | E64: Обеспечение функционирования официального сайта администрации Юсьвинского муниципального округа Пермского края | F64: =F65 -> 76.5 | G64: =G65 -> 76.5 | H64: =H65 -> 60 | I64: =I65 -> 59.215 | J64: =I64/G64*100 -> 77.405229 | K64: =I64/H64*100 -> 98.691667
D65: 200 | E65: Закупка товаров, работ и услуг для обеспечения государственных (муниципальных) нужд | F65: 76.5 | G65: 76.5 | H65: 60 | I65: 59.215 | J65: =I65/G65*100 -> 77.405229 | K65: =I65/H65*100 -> 98.691667
C66: 01 3 00 00000 | E66: Подпрограмма "Организация деятельности по осуществлению администрацией Юсьвинского муниципального округа Пермского края переданных отдельных государственных полномочий" | F66: =F67 -> 1232.2 | G66: =G67 -> 1232.2 | H66: =H67 -> 614 | I66: =I67 -> 614 | J66: =I66/G66*100 -> 49.829573 | K66: =I66/H66*100 -> 100
C67: 01 3 10 00000 | E67: Основное мероприятие "Обеспечение выполнения переданных отдельных государственных полномочий" | F67: =F68 -> 1232.2 | G67: =G68 -> 1232.2 | H67: =H68 -> 614 | I67: =I68 -> 614 | J67: =I67/G67*100 -> 49.829573 | K67: =I67/H67*100 -> 100
C68: 01 3 10 59300 | E68: Государственная регистрация актов гражданского состояния | F68: =SUM(F69+F70) -> 1232.2 | G68: =SUM(G69+G70) -> 1232.2 | H68: =SUM(H69+H70) -> 614 | I68: =SUM(I69+I70) -> 614 | J68: =I68/G68*100 -> 49.829573 | K68: =I68/H68*100 -> 100
D69: 100 | E69: Расходы на выплаты персоналу в целях обеспечения выполнения функций государственными (муниципальными) органами, казенными учреждениями, органами управления государственными внебюджетными фондами | F69: 1148.2 | G69: 1148.2 | H69: 607.62 | I69: 607.62 | J69: =I69/G69*100 -> 52.919352 | K69: =I69/H69*100 -> 100
D70: 200 | E70: Закупка товаров, работ и услуг для обеспечения государственных (муниципальных) нужд | F70: 84 | G70: 84 | H70: 6.38 | I70: 6.38 | J70: =I70/G70*100 -> 7.5952381
C71: 01 5 00 00000 | E71: Подпрограмма "Формирование позитивного имиджа Юсьвинского муниципального округа Пермского края" | F71: =F72 -> 219.4 | G71: =G72 -> 219.4 | H71: =H72 -> 55.2 | I71: =I72 -> 54.75 | J71: =I71/G71*100 -> 24.954421 | K71: =I71/H71*100 -> 99.184783
C72: 01 5 10 00000 | E72: Основное мероприятие "Формирование позитивного имиджа Юсьвинского муниципального округа Пермского края" | F72: =F73+F75 -> 219.4 | G72: =G73+G75 -> 219.4 | H72: =H73+H75 -> 55.2 | I72: =I73+I75 -> 54.75 | J72: =I72/G72*100 -> 24.954421 | K72: =I72/H72*100 -> 99.184783
C73: 01 5 10 4У092 | E73: Изготовление печатной продукции | F73: =F74 -> 97.8 | G73: =G74 -> 97.8 | H73: =H74 -> 5 | I73: =I74 -> 4.55 | J73: =I73/G73*100 -> 4.6523517 | K73: =I73/H73*100 -> 91
D74: 200 | E74: Закупка товаров, работ и услуг для обеспечения государственных (муниципальных) нужд | F74: 97.8 | G74: 97.8 | H74: 5 | I74: 4.55 | J74: =I74/G74*100 -> 4.6523517 | K74: =I74/H74*100 -> 91
C75: 01 5 10 4У093 | E75: Размещение информации о деятельности органов местного самоуправления Юсьвинского муниципального округа Пермского края, социально-экономическом и культурном развитии в СМИ | F75: =F76 -> 121.6 | G75: =G76 -> 121.6 | H75: =H76 -> 50.2 | I75: =I76 -> 50.2 | J75: =I75/G75*100 -> 41.282895 | K75: =I75/H75*100 -> 100
D76: 200 | E76: Закупка товаров, работ и услуг для обеспечения государственных (муниципальных) нужд | F76: 121.6 | G76: 121.6 | H76: 50.2 | I76: 50.2 | J76: =I76/G76*100 -> 41.282895 | K76: =I76/H76*100 -> 100
C77: 05 0 00 00000 | E77: Муниципальная программа "Управление муниципальным имуществом Юсьвинского муниципального округа Пермского края" | F77: =F78 -> 7363.6623 | G77: =G78 -> 6938.0412 | H77: =H78 -> 0 | I77: =I78 -> 0 | J77: =I77/G77*100 -> 0
C78: 05 0 10 00000 | E78: Основное мероприятие "Оптимизация состава, содержание и ремонт муниципального имущества Юсьвинского муниципального округа Пермского края" | F78: =F79 -> 7363.6623 | G78: =G79 -> 6938.0412 | H78: =H79 -> 0 | I78: =I79 -> 0 | J78: =I78/G78*100 -> 0
C79: 05 0 10 SP250 | E79: Снос расселенных жилых домов и нежилых зданий (сооружений), расположенных на территории муниципальных образований Пермского края (софинансируемые расходы) | F79: =F80 -> 7363.6623 | G79: =G80 -> 6938.0412 | H79: =H80 -> 0 | I79: =I80 -> 0 | J79: =I79/G79*100 -> 0
D80: 200 | E80: Закупка товаров, работ и услуг для обеспечения государственных (муниципальных) нужд | F80: =F82+F81 -> 7363.6623 | G80: =G82+G81 -> 6938.0412 | H80: =H82+H81 -> 0 | I80: =I82+I81 -> 0 | J80: =I80/G80*100 -> 0
E81: в том числе за счет краевого бюджета | F81: 7216.389 | G81: 6790.7679 | H81: 0 | I81: 0 | J81: =I81/G81*100 -> 0
E82: в том числе за счет местного бюджета | F82: 147.27327 | G82: 147.27327 | H82: 0 | I82: 0 | J82: =I82/G82*100 -> 0
C83: 90 0 00 00000 | E83: Непрограммные мероприятия | F83: =F84 -> 49795.3 | G83: =G84 -> 50173.956 | H83: =H84 -> 25917.78 | I83: =I84 -> 25837.427 | J83: =I83/G83*100 -> 51.495695 | K83: =I83/H83*100 -> 99.689971
C84: 92 0 00 00000 | E84: Мероприятия, осуществляемые органами местного самоуправления Юсьвинского муниципального округа в рамках непрограммных направлений расходов | F84: =F85+F95+F97+F89+F104+F99+F91 -> 49795.3 | G84: =G85+G95+G97+G89+G104+G99+G91+G101+G93 -> 50173.956 | H84: =H85+H95+H97+H89+H104+H99+H91+H101+H93 -> 25917.78 | I84: =I85+I95+I97+I89+I104+I99+I91+I101+I93 -> 25837.427 | J84: =I84/G84*100 -> 51.495695 | K84: =I84/H84*100 -> 99.689971
C85: 92 0 00 00220 | E85: Обеспечение деятельности муниципального казенного учреждения «Единый сервисный центр» | F85: =F86+F87+F88 -> 46886.3 | G85: =G86+G87+G88 -> 46886.3 | H85: =H86+H87+H88 -> 24100 | I85: =I86+I87+I88 -> 24026.326 | J85: =I85/G85*100 -> 51.243809 | K85: =I85/H85*100 -> 99.694299
D86: 100 | E86: Расходы на выплаты персоналу в целях обеспечения выполнения функций государственными (муниципальными) органами, казенными учреждениями, органами управления государственными внебюджетными фондами | F86: 22909.4 | G86: 22911.03 | H86: 10100 | I86: 10037.498 | J86: =I86/G86*100 -> 43.810769 | K86: =I86/H86*100 -> 99.381172
D87: 200 | E87: Закупка товаров, работ и услуг для обеспечения государственных (муниципальных) нужд | F87: 23564.8 | G87: 23563.17 | H87: 13790 | I87: 13781.221 | J87: =I87/G87*100 -> 58.486276 | K87: =I87/H87*100 -> 99.936335
D88: 800 | E88: Иные бюджетные ассигнования | F88: 412.1 | G88: 412.1 | H88: 210 | I88: 207.607 | J88: =I88/G88*100 -> 50.377821 | K88: =I88/H88*100 -> 98.860476
C89: 92 0 00 00221 | E89: Подготовка котельных к отопительному сезону | F89: =F90 -> 1105.6 | G89: =G90 -> 1105.6 | H89: =H90 -> 930 | I89: =I90 -> 923.96496 | J89: =I89/G89*100 -> 83.57136 | K89: =I89/H89*100 -> 99.351071
D90: 200 | E90: Закупка товаров, работ и услуг для обеспечения государственных (муниципальных) нужд | F90: 1105.6 | G90: 1105.6 | H90: 930 | I90: 923.96496 | J90: =I90/G90*100 -> 83.57136 | K90: =I90/H90*100 -> 99.351071
C91: 92 0 00 00230 | E91: Исполнение решений судов, вступивших в законную силу, и оплата государственной пошлины | F91: =F92 -> 228.4 | G91: =G92 -> 296.4 | H91: 68 | I91: 68 | J91: =I91/G91*100 -> 22.94197 | K91: =I91/H91*100 -> 100
D92: 800 | E92: Иные бюджетные ассигнования | F92: 228.4 | G92: 296.4 | H92: 68 | I92: 68 | J92: =I92/G92*100 -> 22.94197 | K92: =I92/H92*100 -> 100
C93: 92 0 00 00231 | E93: Уплата денежных взысканий (штрафов) за нарушение законодательства | G93: =G94 -> 25 | H93: =H94 -> 25 | I93: =I94 -> 25 | J93: =I93/G93*100 -> 100 | K93: =I93/H93*100 -> 100
D94: 800 | E94: Иные бюджетные ассигнования | G94: 25 | H94: 25 | I94: 25 | J94: =I94/G94*100 -> 100 | K94: =I94/H94*100 -> 100
C95: 92 0 00 00260 | E95: Представительские расходы и иные расходы, связанные с представительской деятельностью органов местного самоуправления | F95: =F96 -> 300 | G95: =G96 -> 300 | H95: =H96 -> 46 | I95: =I96 -> 45.3564 | J95: =I95/G95*100 -> 15.1188 | K95: =I95/H95*100 -> 98.60087
D96: 200 | E96: Закупка товаров, работ и услуг для обеспечения государственных (муниципальных) нужд | F96: 300 | G96: 300 | H96: 46 | I96: 45.3564 | J96: =I96/G96*100 -> 15.1188 | K96: =I96/H96*100 -> 98.60087
C97: 92 0 00 00270 | E97: Расходы на уплату членского взноса в Совет муниципальных образований | F97: =F98 -> 375 | G97: =G98 -> 375 | H97: =H98 -> 375 | I97: =I98 -> 375 | J97: =I97/G97*100 -> 100 | K97: =I97/H97*100 -> 100
D98: 800 | E98: Иные бюджетные ассигнования | F98: 375 | G98: 375 | H98: 375 | I98: 375 | J98: =I98/G98*100 -> 100 | K98: =I98/H98*100 -> 100
C99: 92 0 00 00280 | E99: Снос самовольных построек | F99: 600 | G99: 600 | H99: 0 | I99: 0 | J99: =I99/G99*100 -> 0
D100: 200 | E100: Закупка товаров, работ и услуг для обеспечения государственных (муниципальных) нужд | F100: 600 | G100: 600 | H100: 0 | I100: 0 | J100: =I100/G100*100 -> 0 | K100: 0
...

Sheet Источники
A1: Отчет об исполнении бюджета Юсьвинского муниципального округа Пермского края по источникам финансирования дефицита бюджета за 1 полугодие 2026 года
G2: (тыс.руб.)
A3: Код классификации источников внутреннего финансирования дефицита | B3: Наименование кода классификации источников внутреннего финансирования дефицита | C3: Уточненный план на 2026 год | D3: Утверждено на 1 полугодие 2026 года | E3: Исполнено на 01.07.2026 г. | F3: % исполнения от годовых назначений | G3: % исполнения от квартальных назначений
A5: 01 00 00 00 00 0000 000 | B5: ИСТОЧНИКИ ВНУТРЕННЕГО ФИНАНСИРОВАНИЯ ДЕФИЦИТОВ БЮДЖЕТОВ | C5: =C6 -> 57381.338 | D5: =D6 -> -35610.756 | E5: =E6 -> -37470.546 | F5: - | G5: =E5/D5*100 -> 105.22255
A6: 01 05 00 00 00 0000 000 | B6: Изменение остатков средств на счетах по учету средств бюджетов | C6: =(C10+C11) -> 57381.338 | D6: =(D10+D11) -> -35610.756 | E6: =(E10+E11) -> -37470.546 | F6: - | G6: =E6/D6*100 -> 105.22255
A7: 01 05 00 00 00 0000 500 | B7: Увеличение остатков средств бюджетов | C7: =C8 -> -1508235.9 | D7: =D8 -> -708893.5 | E7: =E8 -> -709360.41 | F7: =E7/C7*100 -> 47.032457 | G7: =E7/D7*100 -> 100.06586
A8: 01 05 02 00 00 0000 500 | B8: Увеличение прочих остатков средств бюджетов | C8: =C9 -> -1508235.9 | D8: =D9 -> -708893.5 | E8: =E9 -> -709360.41 | F8: =E8/C8*100 -> 47.032457 | G8: =E8/D8*100 -> 100.06586
A9: 01 05 02 01 00 0000 510 | B9: Увеличение прочих остатков денежных средств бюджетов | C9: =C10 -> -1508235.9 | D9: =D10 -> -708893.5 | E9: =E10 -> -709360.41 | F9: =E9/C9*100 -> 47.032457 | G9: =E9/D9*100 -> 100.06586
A10: 01 05 02 01 14 0000 510 | B10: Увеличение прочих остатков денежных средств бюджетов муниципальных округов | C10: =ДОХОДЫ!D209*-1 -> -1508235.9 | D10: =ДОХОДЫ!E209*-1 -> -708893.5 | E10: =ДОХОДЫ!F209*-1 -> -709360.41 | F10: =E10/C10*100 -> 47.032457 | G10: =E10/D10*100 -> 100.06586
A11: 01 05 00 00 00 0000 600 | B11: Уменьшение остатков средств бюджетов | C11: =C12 -> 1565617.3 | D11: =D14 -> 673282.75 | E11: =E14 -> 671889.87 | F11: =E11/C11*100 -> 42.915334 | G11: =E11/D11*100 -> 99.793121
A12: 01 05 02 00 00 0000 600 | B12: Уменьшение прочих остатков средств бюджетов | C12: =C13 -> 1565617.3 | D12: =D14 -> 673282.75 | E12: =E14 -> 671889.87 | F12: =E12/C12*100 -> 42.915334 | G12: =E12/D12*100 -> 99.793121
A13: 01 05 02 01 00 0000 610 | B13: Уменьшение прочих остатков денежных средств бюджетов | C13: =C14 -> 1565617.3 | D13: =D14 -> 673282.75 | E13: =E14 -> 671889.87 | F13: =E13/C13*100 -> 42.915334 | G13: =E13/D13*100 -> 99.793121
A14: 01 05 02 01 14 0000 610 | B14: Уменьшение прочих остатков денежных средств бюджетов муниципальных округов | C14: =расходы!G859 -> 1565617.3 | D14: =расходы!H859 -> 673282.75 | E14: =расходы!I859 -> 671889.87 | F14: =E14/C14*100 -> 42.915334 | G14: =E14/D14*100 -> 99.793121
B15: Всего | C15: =C5 -> 57381.338 | D15: =D5 -> -35610.756 | E15: =E5 -> -37470.546 | F15: - | G15: =E15/D15*100 -> 105.22255

Sheet дорожный фонд
A2: Отчет об использовании бюджетных ассигнований дорожного фонда Юсьвинского муниципального округа Персмского края за 1 полугодие 2026 года
A4: Остаток неиспользованных средств дорожного фонда по состоянию на 01.01.2026, тыс. рублей | E4: =25.7+698.37059 -> 724.07059
A5: Остаток неиспользованных средств дорожного фонда на конец отчетного периода, тыс. рублей | E5: =E4+G12-G26 -> 5059.4088
A6: 1. Доходы
A8: № п/п | B8: Наименование доходов | C8: Уточненный план на 2026 год | G8: Поступления на 01.07.2026 | K8: Остаток неиспользованных бюджетных ассигнований
C10: Всего | D10: в том числе | G10: Всего | H10: в том числе | K10: Всего | L10: в том числе
D11: средства федерального бюджета | E11: средства краевого бюджета | F11: средства местного бюджета | H11: средства федерального бюджета | I11: средства краевого бюджета | J11: средства местного бюджета | L11: средства краевого бюджета | M11: средства краевого бюджета | N11: средства местного бюджета
A12: 1. | B12: Доходы для определения объема дорожного фонда, всего | C12: =SUM(C14:C18) -> 347973.83 | D12: =SUM(D14:D18) -> 250527.88 | E12: =SUM(E14:E18) -> 36981.661 | F12: =SUM(F14:F18) -> 60464.292 | G12: =SUM(G14:G18) -> 133921.25 | H12: =SUM(H14:H18) -> 84537.118 | I12: =SUM(I14:I18) -> 10201.789 | J12: =SUM(J14:J18) -> 39182.341 | ... N12: =SUM(N14:N18) -> 21281.951
B13: в том числе:
A14: 1.1. | B14: акцизы на автомобильный бензин, прямогонный бензин, дизельное топливо, моторные масла для дизельных и (или) карбюраторных (инжекторных) двигателей, производимые на территории Российской Федерации, подлежащие зачислению в местный бюджет | C14: =SUM(E14:F14) -> 27676.7 | D14: 0 | E14: 0 | F14: 27676.7 | G14: =SUM(I14:J14) -> 12290.395 | H14: 0 | I14: 0 | J14: 12290.395 | K14: =SUM(M14:N14) -> 15386.305 | L14: =D14-H14 -> 0 | M14: =E14-I14 -> 0 | N14: =F14-J14 -> 15386.305
A15: 1.2. | B15: субсидии на проектирование, строительство (реконструкция), капитальный ремонт и ремонт автомобильных дорог общего пользования местного значения, находящихся на территории Пермского края | C15: =SUM(E15:F15) -> 24383 | D15: 0 | E15: 24383 | F15: 0 | G15: =SUM(I15:J15) -> 6679.4088 | H15: 0 | I15: 6679.4088 | J15: 0 | K15: =SUM(M15:N15) -> 17703.591 | L15: =D15-H15 -> 0 | M15: =E15-I15 -> 17703.591 | N15: =F15-J15 -> 0
A16: 1.3. | B16: Субсидии бюджетам муниципальных округов на приведение в нормативное состояние автомобильных дорог и искусственных дорожных сооружений | C16: =SUM(D16:F16) -> 260966.54 | D16: 250527.88 | E16: 10438.661 | F16: 0 | G16: =SUM(H16:J16) -> 88059.498 | H16: 84537.118 | I16: 3522.3799 | J16: 0 | K16: =L16+M16+N16 -> 172907.04 | L16: =D16-H16 -> 165990.76 | M16: =E16-I16 -> 6916.2816 | N16: =F16-J16 -> 0
A17: 1.4. | B17: Субсидии бюджетам муниципальных образований на реализацию мероприятия по направлению «Школьная остановка» регионального проекта «Комфортный край» | C17: =SUM(D17:F17) -> 2160 | E17: 2160 | G17: =SUM(H17:J17) -> 0 | K17: =SUM(M17:N17) -> 2160 | L17: =D17-H17 -> 0 | M17: =E17-I17 -> 2160 | N17: =F17-J17 -> 0
A18: 1.5. | B18: Дотации на выравнивание бюджетной обеспеченности | C18: =F18 -> 32787.592 | D18: 0 | E18: 0 | F18: 32787.592 | G18: =SUM(I18:J18) -> 26891.946 | H18: 0 | I18: 0 | J18: =J26-J14-724.07059 -> 26891.946 | K18: =SUM(M18:N18) -> 5895.6462 | L18: =D18-H18 -> 0 | M18: =E18-I18 -> 0 | N18: =F18-J18 -> 5895.6462
A20: 2.Расходы
A22: № п/п | B22: Наименование направлений расходов | C22: Уточненный план на 2026 год | G22: Кассовый расход на 01.04.2026 | K22: Остаток неиспользованных бюджетных ассигнований
C24: Всего | D24: в том числе | G24: Всего | H24: в том числе | K24: Всего | L24: в том числе
D25: средства федерального бюджета | E25: средства краевого бюджета | F25: средства местного бюджета | H25: средства федерального бюджета | I25: средства краевого бюджета | J25: средства местного бюджета | L25: средства федерального бюджета | M25: средства краевого бюджета | N25: средства местного бюджета
A26: 1. | B26: Муниципальная программа "Развитие транспортной системы Юсьвинского муниципального округа Пермского края", в том числе: | C26: =C27+C88 -> 348697.9 | D26: =D27+D88 -> 250527.88 | E26: =E27+E88 -> 36981.661 | F26: =F27+F88 -> 61188.362 | G26: =G27+G88 -> 129585.91 | H26: =H27+H88 -> 84537.118 | I26: =I27+I88 -> 5142.3799 | J26: =J27+J88 -> 39906.411 | K26: =K27+K88 -> 218311.99 | L26: =D26-H26 -> 165990.76 | M26: =E26-I26 -> 31839.282 | N26: =F26-J26 -> 21281.951
A27: 1.1. | B27: Подпрограмма «Развитие и совершенствование автомобильных дорог Юсьвинского муниципального округа» | C27: =C28+C33+C79+C81+C30+C84 -> 344760.9 | D27: =D28+D33+D79+D81+D30 -> 250527.88 | E27: =E28+E33+E79+E81+E30 -> 34821.661 | F27: =F28+F33+F79+F81+F30+F84 -> 59411.362 | G27: =G28+G33+G79+G81+G30 -> 129585.91 | H27: =H28+H33+H79+H81+H30 -> 84537.118 | I27: =I28+I33+I79+I81+I30 -> 5142.3799 | J27: =J28+J33+J79+J81+J30 -> 39906.411 | K27: =K28+K33+K79+K81+K30+K84 -> 214374.99 | L27: =D27-H27 -> 165990.76 | M27: =E27-I27 -> 29679.282 | N27: =F27-J27 -> 19504.951
A28: 1.1.1. | B28: Основное мероприятие "Разработка технической документации на автомобильные дороги и (или) искусственные дорожные сооружения" | C28: =C29 -> 1127.6 | D28: =D29 -> 0 | E28: =E29 -> 0 | F28: =F29 -> 1127.6 | G28: =G29 -> 0 | H28: =H29 -> 0 | I28: =I29 -> 0 | J28: =J29 -> 0 | K28: =K29 -> 1127.6 | L28: =D28-H28 -> 0 | M28: =E28-I28 -> 0 | N28: =F28-J28 -> 1127.6
B29: Мероприятие "Разработка технических паспортов на автомобильные дороги Юсьвинского муниципального округа Пермского края" | C29: =F29 -> 1127.6 | D29: 0 | E29: 0 | F29: =574.3+553.3 -> 1127.6 | G29: =J29 -> 0 | H29: 0 | I29: 0 | J29: 0 | K29: =N29 -> 1127.6 | L29: =D29-H29 -> 0 | M29: =E29-I29 -> 0 | N29: =F29-J29 -> 1127.6
A30: 1.1.2. | B30: Основное мероприятие "Проектно-изыскательские работы" | C30: =C31+C32 -> 4808 | D30: =D31 -> 0 | E30: =E31 -> 0 | F30: =F31+F32 -> 4808 | G30: =G31 -> 4608 | H30: =H31 -> 0 | I30: =I31 -> 0 | J30: =J31 -> 4608 | K30: =K31 -> 0 | L30: =D30-H30 -> 0 | M30: =E30-I30 -> 0 | N30: =F30-J30 -> 200
B31: Проектно-изыскательские работы по капитальному ремонту моста через р. Лысковка на км 0+677 автомобильной дороги "Подъезд к пристани Пожва" | C31: =F31 -> 4608 | D31: 0 | E31: 0 | F31: 4608 | G31: =H31+I31+J31 -> 4608 | H31: 0 | I31: 0 | J31: 4608 | K31: =N31 -> 0 | L31: =D31-H31 -> 0 | M31: =E31-I31 -> 0 | N31: =F31-J31 -> 0
B32: Предпроектное обследование объектов дорожной сети | C32: 200 | D32: 0 | E32: 0 | F32: 200 | G32: 0 | H32: 0 | I32: 0 | J32: 0 | K32: 0 | L32: 0 | M32: 0 | N32: 0
A33: 1.1.3. | B33: Основное мероприятие «Ремонт муниципальных дорог и искусственных дорожных сооружений» | C33: =C34+C66+C53+C78 -> 41571.422 | D33: 0 | E33: =E34+E66+E53 -> 24383 | F33: =F34+F66+F53+F78 -> 17188.422 | G33: =G34+G66+G53 -> 9198.5406 | H33: 0 | I33: =I34+I66+I53 -> 1620 | J33: =J34+J66+J53 -> 7578.5406 | K33: =K34+K66+K53 -> 31772.882 | L33: =D33-H33 -> 0 | M33: =E33-I33 -> 22763 | N33: =F33-J33 -> 9609.8817
B34: Мероприятие "Ремонт автомобильных дорог (софинансируемые из бюджета ПК)" | C34: =E34+F34 -> 27092.222 | D34: 0 | E34: =SUM(E35:E52) -> 24383 | F34: =SUM(F35:F52) -> 2709.2223 | G34: =SUM(I34+J34) -> 1800 | H34: 0 | I34: =SUM(I35:I52) -> 1620 | J34: =SUM(J35:J52) -> 180 | K34: =SUM(M34+N34) -> 25292.222 | L34: =D34-H34 -> 0 | M34: =E34-I34 -> 22763 | N34: =F34-J34 -> 2529.2223
B35: Ремонт автомобильных дорог (нераспределенные средства) | C35: 0 | D35: 0 | E35: 0 | F35: 0 | G35: =SUM(I35+J35) -> 0 | H35: 0 | I35: 0 | J35: 0 | K35: =SUM(M35+N35) -> 0 | L35: =D35-H35 -> 0 | M35: =E35-I35 -> 0 | N35: =F35-J35 -> 0
B36: Ремонт участка автомобильной дороги "Архангельское-Антипино" км 000+000- км 002+200 | C36: =D36+E36+F36 -> 6100.8235 | D36: 0 | E36: 5490.7411 | F36: 610.08235 | G36: 0 | H36: 0 | I36: 0 | J36: 0 | K36: 0 | L36: =D36-H36 -> 0 | M36: =E36-I36 -> 5490.7411 | N36: =F36-J36 -> 610.08235
B37: Ремонт участка автомобильной дороги "Юсьва-Трифаново" км 002+800 км 005+800 | C37: =D37+E37+F37 -> 9346.1765 | D37: 0 | E37: 8411.5589 | F37: 934.61766 | G37: 0 | H37: 0 | I37: 0 | J37: 0 | K37: 0 | L37: =D37-H37 -> 0 | M37: =E37-I37 -> 8411.5589 | N37: =F37-J37 -> 934.61766
B38: Ремонт автомобильной дороги по ул. Колхозная с. Аксеново | C38: =D38+E38+F38 -> 600 | D38: 0 | E38: 540 | F38: 60 | G38: 0 | H38: 0 | I38: 0 | J38: 0 | K38: 0 | L38: =D38-H38 -> 0 | M38: =E38-I38 -> 540 | N38: =F38-J38 -> 60
B39: Ремонт автомобильной дороги по ул. Пионерская (от ул. Комсомольская до ул. Студенческая) п. Тукачево | C39: =D39+E39+F39 -> 600 | D39: 0 | E39: 540 | F39: 60 | G39: 0 | H39: 0 | I39: 0 | J39: 0 | K39: 0 | L39: =D39-H39 -> 0 | M39: =E39-I39 -> 540 | N39: =F39-J39 -> 60
B40: Ремонт автомобильной дороги по ул. Пушкина (от дома №47 до ул. Мира) п. Майкор | C40: =D40+E40+F40 -> 600 | D40: 0 | E40: 540 | F40: 60 | G40: 0 | H40: 0 | I40: 540 | J40: 60 | K40: 0 | L40: =D40-H40 -> 0 | M40: =E40-I40 -> 0 | N40: =F40-J40 -> 0
B41: Ремонт автомобильной дороги по ул. Заречная (от дома №5 до дома №26)д. Обирино | C41: =D41+E41+F41 -> 600 | D41: 0 | E41: 540 | F41: 60 | G41: 0 | H41: 0 | I41: 540 | J41: 60 | K41: 0 | L41: =D41-H41 -> 0 | M41: =E41-I41 -> 0 | N41: =F41-J41 -> 0
B42: Ремонт автомобильной дороги по ул. Подгорная (от дома №1 до дома №12) | C42: =D42+E42+F42 -> 1086.694 | D42: 0 | E42: 978.0246 | F42: 108.66941 | G42: 0 | H42: 0 | I42: 0 | J42: 0 | K42: 0 | L42: =D42-H42 -> 0 | M42: =E42-I42 -> 978.0246 | N42: =F42-J42 -> 108.66941
B43: Ремонт автомобильной дороги по ул. Заречная (от ул. Мартыновская до дома №10 с отворотом к дому №4а) д. Ситково | C43: =D43+E43+F43 -> 1210.0572 | D43: 0 | E43: 1089.0515 | F43: 121.00573 | G43: 0 | H43: 0 | I43: 0 | J43: 0 | K43: 0 | L43: =D43-H43 -> 0 | M43: =E43-I43 -> 1089.0515 | N43: =F43-J43 -> 121.00573
B44: Ремонт автомобильной дороги по ул. Полевая (от дома №5 до дома №15) с. Архангельское | C44: =D44+E44+F44 -> 939.35595 | D44: 0 | E44: 845.42035 | F44: 93.9356 | G44: 0 | H44: 0 | I44: 0 | J44: 0 | K44: 0 | L44: =D44-H44 -> 0 | M44: =E44-I44 -> 845.42035 | N44: =F44-J44 -> 93.9356
B45: Ремонт автомобильной дороги по ул. Восточная с. Тимино | C45: =D45+E45+F45 -> 583.35278 | D45: 0 | E45: 525.0175 | F45: 58.33528 | G45: 0 | H45: 0 | I45: 0 | J45: 0 | K45: 0 | L45: =D45-H45 -> 0 | M45: =E45-I45 -> 525.0175 | N45: =F45-J45 -> 58.33528
B46: Ремонт автомобильной дороги по ул. Паньковская (от дома №2 до дома №11) с. Юсьва | C46: =D46+E46+F46 -> 942.15042 | D46: 0 | E46: 847.93537 | F46: 94.21505 | G46: 0 | H46: 0 | I46: 0 | J46: 0 | K46: 0 | L46: =D46-H46 -> 0 | M46: =E46-I46 -> 847.93537 | N46: =F46-J46 -> 94.21505
B47: Ремонт автомобильной дороги по ул. Центральная (от дома №13 до дома №16) д. Вороново | C47: =D47+E47+F47 -> 600 | D47: 0 | E47: 540 | F47: 60 | G47: 0 | H47: 0 | I47: 0 | J47: 0 | K47: 0 | L47: =D47-H47 -> 0 | M47: =E47-I47 -> 540 | N47: =F47-J47 -> 60
... B52: Ремонт автомобильной дороги по ул. Свободы (от ул. Строителей до ул. Рябиновая) п. Пожва | C52: =D52+E52+F52 -> 567.1945 | D52: 0 | E52: 510.47505 | F52: 56.71945 | G52: 0 | H52: 0 | I52: 0 | J52: 0 | K52: 0 | L52: =D52-H52 -> 0 | M52: =E52-I52 -> 510.47505 | N52: =F52-J52 -> 56.71945
B53: Мероприятие "Ремонт автомобильных дорог (несофинансируемые из бюджета ПК)" | C53: =E53+F53 -> 6211.5 | D53: 0 | E53: 0 | F53: =SUM(F54:F65) -> 6211.5 | G53: =SUM(G54:G64) -> 3847.3717 | H53: 0 | I53: 0 | J53: =SUM(J54:J64) -> 3847.3717 | K53: =L53+M53+N53 -> 2364.1282 | L53: =D53-H53 -> 0 | M53: =E53-I53 -> 0 | N53: =F53-J53 -> 2364.1282
B54: Ремонт автомобильной дороги по ул. Котельниковой (от пожарного пирса до дома №2Б) д. В.-Мега | C54: =E54+F54 -> 600 | D54: 0 | E54: 0 | F54: 600 | G54: 600 | H54: 0 | I54: 0 | J54: 600 | K54: =L54+M54+N54 -> 0 | L54: =D54-H54 -> 0 | M54: =E54-I54 -> 0 | N54: =F54-J54 -> 0
B55: Ремонт автомобильной дороги по ул. Котельниковой от автомобильной дороги "Кудымкар-Пожва - Верх-Мега до дома №17 д. В.-Мега | C55: 454.27287 | D55: 0 | E55: 0 | F55: 454.27287 | G55: 454.27287 | H55: 0 | I55: 0 | J55: 454.27287 | K55: =L55+M55+N55 -> 0 | L55: =D55-H55 -> 0 | M55: =E55-I55 -> 0 | N55: =F55-J55 -> 0
B56: Ремонт автомобильной дороги по ул. Раздольная (от дома № 3 до дома №13) с. Юсьва | C56: =E56+F56 -> 578.96145 | D56: 0 | E56: 0 | F56: 578.96145 | G56: 578.96145 | H56: 0 | I56: 0 | J56: 578.96145 | K56: =L56+M56+N56 -> 0 | L56: =D56-H56 -> 0 | M56: =E56-I56 -> 0 | N56: =F56-J56 -> 0
B57: Восстановление дорожного полотна автомобильной дороги по ул. Прудовая (от мусорной площадки до дома №2) д. Мокрушино | C57: =E57+F57 -> 525.90424 | D57: 0 | E57: 0 | F57: 525.90424 | G57: 525.90424 | H57: 0 | I57: 0 | J57: 525.90424 | K57: =L57+M57+N57 -> 0 | L57: =D57-H57 -> 0 | M57: =E57-I57 -> 0 | N57: =F57-J57 -> 0
B58: Ремонт автомобильной дороги по ул. Березовая (от дома №3 до дома №16) с. Юсьва | C58: =E58+F58 -> 600 | D58: 0 | E58: 0 | F58: 600 | G58: 600 | H58: 0 | I58: 0 | J58: 600 | K58: =L58+M58+N58 -> 0 | L58: =D58-H58 -> 0 | M58: =E58-I58 -> 0 | N58: =F58-J58 -> 0
B59: Восстановление дорожного полотна автомобильной дороги "Бажино-Шедово" км 000+000 - км 001+840 | C59: =E59+F59 -> 600 | D59: 0 | E59: 0 | F59: 600 | G59: 0 | H59: 0 | I59: 0 | J59: 0 | K59: =L59+M59+N59 -> 600 | L59: =D59-H59 -> 0 | M59: =E59-I59 -> 0 | N59: =F59-J59 -> 600
B60: Ремонт автомобильных дорог по ул. Полевая (от автомобильной дороги "Кудымкар-Усолье" до дома №4) д. Чикманово, ул. Центральная (от дома №11 до дома №13) д. Швычи | C60: =E60+F60 -> 600 | D60: 0 | E60: 0 | F60: 600 | G60: 0 | H60: 0 | I60: 0 | J60: 0 | K60: =L60+M60+N60 -> 600 | L60: =D60-H60 -> 0 | M60: =E60-I60 -> 0 | N60: =F60-J60 -> 600
B61: Ремонт участка автомобильной дороги по ул. Школьная (от ул. Народная до ул. Набережная) с. Мелюхино | C61: =E61+F61 -> 815.6 | D61: 0 | E61: 0 | F61: 815.6 | G61: 0 | H61: 0 | I61: 0 | J61: 0 | K61: =L61+M61+N61 -> 815.6 | L61: =D61-H61 -> 0 | M61: =E61-I61 -> 0 | N61: =F61-J61 -> 815.6
B62: Ремонт автомобильной дороги по ул. Максима Горького (от дома №1 до дома №1В) с. Юсьва | C62: =E62+F62 -> 348.4 | D62: 0 | E62: 0 | F62: 348.4 | G62: 0 | H62: 0 | I62: 0 | J62: 0 | K62: =L62+M62+N62 -> 348.4 | L62: =D62-H62 -> 0 | M62: =E62-I62 -> 0 | N62: =F62-J62 -> 348.4
B63: Восстановление покрытия проезжей части участков автомобильных дорог по ул. Центральная с. Тимино, ул. Пушкина с. Юсьва, ул. Центральная д. Швычи | C63: =E63+F63 -> 488.23319 | D63: 0 | E63: 0 | F63: 488.23319 | G63: 488.23319 | H63: 0 | I63: 0 | J63: 488.23319 | K63: =L63+M63+N63 -> 0 | L63: =D63-H63 -> 0 | M63: =E63-I63 -> 0 | N63: =F63-J63 -> 0
B64: Восстановление покрытия проезжей части автомобильной дороги по переулку от ул. Комсомольской до ул. Лесная п. Кама | C64: =E64+F64 -> 600 | D64: 0 | E64: 0 | F64: 600 | G64: 600 | H64: 0 | I64: 0 | J64: 600 | K64: =L64+M64+N64 -> 0 | L64: =D64-H64 -> 0 | M64: =E64-I64 -> 0 | N64: =F64-J64 -> 0
B65: Нераспределенные средства | C65: 0.12825 | D65: 0 | E65: 0 | F65: 0.12825 | G65: 0 | H65: 0 | I65: 0 | J65: 0 | K65: =L65+M65+N65 -> 0.12825 | L65: =D65-H65 -> 0 | M65: =E65-I65 -> 0 | N65: =F65-J65 -> 0.12825
B66: Мероприятие "Восстановление мостов и труб (несофинансируемые)" | C66: =F66 -> 7667.7 | D66: 0 | E66: 0 | F66: =SUM(F67:F77) -> 7667.7 | G66: =SUM(G67:G77) -> 3551.1689 | H66: 0 | I66: 0 | J66: =SUM(J67:J77) -> 3551.1689 | K66: =L66+M66+N66 -> 4116.5311 | L66: =D66-H66 -> 0 | M66: =E66-I66 -> 0 | N66: =F66-J66 -> 4116.5311
B67: Восстановление водопропускной трубы на автомобильной дороге по ул. Центральная д. Спирино, ул. Озерская д. Кузьмино | C67: =F67 -> 580.8 | D67: 0 | E67: 0 | F67: 580.8 | G67: 580.74924 | H67: 0 | I67: 0 | J67: 580.74924 | K67: =L67+M67+N67 -> 0.05076 | L67: =D67-H67 -> 0 | M67: =E67-I67 -> 0 | N67: =F67-J67 -> 0.05076
B68: Восстановление водопропускных труб на автомобильных дорогах: ул. Народнаяд. Сивашер, ул. Северная д. Они | C68: =F68 -> 227.7 | D68: 0 | E68: 0 | F68: 227.7 | G68: 227.65974 | H68: 0 | I68: 0 | J68: 227.65974 | K68: =L68+M68+N68 -> 0.04026 | L68: =D68-H68 -> 0 | M68: =E68-I68 -> 0 | N68: =F68-J68 -> 0.04026
B69: Восстановление водопропускной трубы на автомобильной дороге по ул. Савинская, ул. Полярная с. Юсьва | C69: =F69 -> 595 | D69: 0 | E69: 0 | F69: 595 | G69: 594.95801 | H69: 0 | I69: 0 | J69: 594.95801 | K69: =L69+M69+N69 -> 0.04199 | L69: =D69-H69 -> 0 | M69: =E69-I69 -> 0 | N69: =F69-J69 -> 0.04199
B70: Восстановление водопропускной трубы на автомобильной дороге "Бажино-Шедово" км 0+450, ул. Мингалевская, д. Якино | C70: =F70 -> 227.9 | D70: 0 | E70: 0 | F70: 227.9 | G70: 0 | H70: 0 | I70: 0 | J70: 0 | K70: =L70+M70+N70 -> 227.9 | L70: =D70-H70 -> 0 | M70: =E70-I70 -> 0 | N70: =F70-J70 -> 227.9
B71: Ремонт моста на ул. Лесная с. Антипино | C71: =F71 -> 586.5 | D71: 0 | E71: 0 | F71: 586.5 | G71: 586.5 | H71: 0 | I71: 0 | J71: 586.5 | K71: =L71+M71+N71 -> 0 | L71: =D71-H71 -> 0 | M71: =E71-I71 -> 0 | N71: =F71-J71 -> 0
B72: Ремонт моста через реку на автомобильной дороге "Крохалево-Урманово-Подволошино" км 2+900 | C72: =F72 -> 600 | D72: 0 | E72: 0 | F72: 600 | G72: 0 | H72: 0 | I72: 0 | J72: 0 | K72: =L72+M72+N72 -> 600 | L72: =D72-H72 -> 0 | M72: =E72-I72 -> 0 | N72: =F72-J72 -> 600
B73: Ремонт моста через ручей на автомобильной дороге "Крохалево-Урманово-Подволошино" км 3+378 | C73: =F73 -> 481.7 | D73: 0 | E73: 0 | F73: 481.7 | G73: 481.7 | H73: 0 | I73: 0 | J73: 481.7 | K73: =L73+M73+N73 -> 0 | L73: =D73-H73 -> 0 | M73: =E73-I73 -> 0 | N73: =F73-J73 -> 0
B74: Ремонт моста через р. Вежайка на автомобильной дороге "Кудымкар-Пожва-Черемново | C74: =F74 -> 600 | D74: 0 | E74: 0 | F74: 600 | G74: 600 | H74: 0 | I74: 0 | J74: 600 | K74: =L74+M74+N74 -> 0 | L74: =D74-H74 -> 0 | M74: =E74-I74 -> 0 | N74: =F74-J74 -> 0
B75: Ремонт моста через р. Кырдымка на автомобильной дороге "Габово-Купрос" | C75: =F75 -> 1991.9 | D75: 0 | E75: 0 | F75: 1991.9 | G75: 0 | H75: 0 | I75: 0 | J75: 0 | K75: =L75+M75+N75 -> 1991.9 | L75: =D75-H75 -> 0 | M75: =E75-I75 -> 0 | N75: =F75-J75 -> 1991.9
B76: Восстановительные работы по мосту через р. Стер на ул. Набережная п. Тукачево | C76: =F76 -> 600 | D76: 0 | E76: 0 | F76: 600 | G76: 479.60187 | H76: 0 | I76: 0 | J76: 479.60187 | K76: =L76+M76+N76 -> 120.39813 | L76: =D76-H76 -> 0 | M76: =E76-I76 -> 0 | N76: =F76-J76 -> 120.39813
B77: Восстановление моста через р. Кемелька на ул. Заводская п. Майкор | C77: =F77 -> 1176.2 | D77: 0 | E77: 0 | F77: 1176.2 | G77: 0 | H77: 0 | I77: 0 | J77: 0 | K77: =L77+M77+N77 -> 1176.2 | L77: =D77-H77 -> 0 | M77: =E77-I77 -> 0 | N77: =F77-J77 -> 1176.2
B78: Мероприятие "Устройство снегозадерживающего забора на автомобильной дороге "Они-Потапово" | C78: =F78 -> 600 | D78: 0 | E78: 0 | F78: 600 | G78: 0 | H78: 0 | I78: 0 | J78: 0 | K78: =L78+M78+N78 -> 600 | L78: =D78-H78 -> 0 | M78: =E78-I78 -> 0 | N78: =F78-J78 -> 600
A79: 1.1.4. | B79: Основное мероприятие "Содержание муниципальных дорог" | C79: =E79+F79 -> 34537.071 | D79: 0 | E79: 0 | F79: =F80 -> 34537.071 | G79: =I79+J79 -> 27277.361 | H79: 0 | I79: 0 | J79: =J80 -> 27277.361 | K79: =M79+N79 -> 7259.7098 | L79: =D79-H79 -> 0 | M79: =E79-I79 -> 0 | N79: =F79-J79 -> 7259.7098
B80: Мероприятие "Выполнение работ по содержанию автомобильных дорог общего пользования и улично-дорожной сети Юсьвинского муниципального округа Пермского края" | C80: =E80+F80 -> 34537.071 | D80: 0 | E80: 0 | F80: =33838.7+698.37059 -> 34537.071 | G80: =I80+J80 -> 27277.361 | H80: 0 | I80: 0 | J80: 27277.361 | K80: =M80+N80 -> 7259.7098 | L80: =D80-H80 -> 0 | M80: =E80-I80 -> 0 | N80: =F80-J80 -> 7259.7098
A81: 1.1.5. | B81: Основное мероприятие "Реализация федерального проекта "Региональная и местная дорожная сеть" | C81: =E81+F81+D81 -> 262277.93 | D81: =D82 -> 250527.88 | E81: =E82 -> 10438.661 | F81: =F82 -> 1311.3896 | G81: =I81+J81+H81 -> 88502.008 | H81: =H82 -> 84537.118 | I81: =I82 -> 3522.3799 | J81: =J82 -> 442.51004 | K81: =M81+N81+L81 -> 173775.92 | L81: =D81-H81 -> 165990.76 | M81: =E81-I81 -> 6916.2816 | N81: =F81-J81 -> 868.87959
B82: Мероприятие "Приведение в нормативное состояние искусственных дорожных сооружений" | C82: =E82+F82+D82 -> 262277.93 | D82: 250527.88 | E82: 10438.661 | F82: 1311.3896 | G82: =I82+J82+H82 -> 88502.008 | H82: =H83 -> 84537.118 | I82: =I83 -> 3522.3799 | J82: =J83 -> 442.51004 | K82: =M82+N82+L82 -> 173775.92 | L82: =D82-H82 -> 165990.76 | M82: =E82-I82 -> 6916.2816 | N82: =F82-J82 -> 868.87959
B83: Капитальный ремонт автомобильного моста через р. Иньва на автомобильной дороге "Юсьва-Архангельское" в Юсьвинском муниципальном округе Пермского края | C83: =E83+F83+D83 -> 262277.93 | D83: 250527.88 | E83: 10438.661 | F83: 1311.3896 | G83: =I83+J83+H83 -> 88502.008 | H83: 84537.118 | I83: 3522.3799 | J83: 442.51004 | K83: =M83+N83+L83 -> 173775.92 | L83: =D83-H83 -> 165990.76 | M83: =E83-I83 -> 6916.2816 | N83: =F83-J83 -> 868.87959
A84: 1.1.6. | B84: Основное мероприятие "Реализация федерального проекта "Развитие транспортной инфраструктуры на сельских территориях" государственной программы Российской Федерации "Комплексное развитие сельских территорий" | C84: =E84+F84+D84 -> 438.88 | D84: =D85 -> 0 | E84: =E85 -> 0 | F84: =F85 -> 438.88 | G84: =I84+J84+H84 -> 0 | H84: =H85 -> 0 | I84: =I85 -> 0 | J84: =J85 -> 0 | K84: =M84+N84 -> 438.88 | L84: =D84-H84 -> 0 | M84: =E84-I84 -> 0 | N84: =F84-J84 -> 438.88
B85: Мероприятие "Приведение в нормативное состояние автомобильных дорог" | C85: =E85+F85+D85 -> 438.88 | D85: =D86+D87 -> 0 | E85: =E86+E87 -> 0 | F85: =F86+F87 -> 438.88 | G85: =I85+J85+H85 -> 0 | H85: 0 | I85: 0 | J85: 0 | K85: =M85+N85 -> 438.88 | L85: =D85-H85 -> 0 | M85: =E85-I85 -> 0 | N85: =F85-J85 -> 438.88
B86: Ремонт участка автомобильной дороги "Юсьва-Архангельское" км 000+000 км 1+550, км 2+550 км 4+162, км 4+462 км 6+480 | C86: =E86+F86+D86 -> 368.32 | D86: 0 | E86: 0 | F86: 368.32 | G86: =I86+J86+H86 -> 0 | H86: 0 | I86: 0 | J86: 0 | K86: =M86+N86 -> 368.32 | L86: =D86-H86 -> 0 | M86: =E86-I86 -> 0 | N86: =F86-J86 -> 368.32
B87: Ремонт участка автомобильной дороги "Юсьва-Мелюхино" км 0+000 км 0+980 | C87: =E87+F87+D87 -> 70.56 | D87: 0 | E87: 0 | F87: 70.56 | G87: =I87+J87+H87 -> 0 | H87: 0 | I87: 0 | J87: 0 | K87: =M87+N87 -> 70.56 | L87: =D87-H87 -> 0 | M87: =E87-I87 -> 0 | N87: =F87-J87 -> 70.56
A88: 1.2. | B88: Подпрограмма «Повышение безопасности дорожного движения на автомобильных дорогах Юсьвинского муниципального округа" | C88: =C89+C91+C93 -> 3937 | D88: 0 | E88: =E89+E91+E93 -> 2160 | F88: =F89+F91+F93 -> 1777 | G88: =J88 -> 0 | H88: 0 | I88: 0 | J88: =J89+J91 -> 0 | K88: =K89+K91+K93 -> 3937 | L88: =D88-H88 -> 0 | M88: =E88-I88 -> 2160 | N88: =F88-J88 -> 1777
A89: 1.2.1. | B89: Основное мероприятие "Обеспечение безопасности дорожных условий на автомобильных дорогах" | C89: =C90 -> 1236.6 | D89: 0 | E89: 0 | F89: =F90 -> 1236.6 | G89: 0 | H89: 0 | I89: 0 | J89: 0 | K89: =K90 -> 1236.6 | L89: =D89-H89 -> 0 | M89: =E89-I89 -> 0 | N89: =F89-J89 -> 1236.6
B90: Мероприятие "Замена и установка барьерных ограждений, автобусных остановок, недостающих дорожных знаков, информационных щитов, светофоров" | C90: 1236.6 | D90: 0 | E90: 0 | F90: 1236.6 | G90: =J90 -> 0 | H90: 0 | I90: 0 | J90: 0 | K90: =N90 -> 1236.6 | L90: =D90-H90 -> 0 | M90: =E90-I90 -> 0 | N90: =F90-J90 -> 1236.6
A91: 1.2.2. | B91: Основное мероприятие "Обеспечение транспортной безопасности объектов транспортной инфраструктуры" | C91: =C92 -> 300.4 | D91: =D92 -> 0 | E91: =E92 -> 0 | F91: =F92 -> 300.4 | G91: =G92 -> 0 | H91: =H92 -> 0 | I91: =I92 -> 0 | J91: =J92 -> 0 | K91: =K92 -> 300.4 | L91: =D91-H91 -> 0 | M91: =E91-I91 -> 0 | N91: =F91-J91 -> 300.4
B92: Мероприятие "Разработка плана, паспорта обеспечения транспортной безопасности и подготовка сил обеспечения транспортной безопасности" | C92: =F92 -> 300.4 | D92: 0 | E92: 0 | F92: 300.4 | G92: =J92 -> 0 | H92: 0 | I92: 0 | J92: 0 | K92: =N92 -> 300.4 | L92: =D92-H92 -> 0 | M92: =E92-I92 -> 0 | N92: =F92-J92 -> 300.4
A93: 1.2.2. | B93: Основное мероприятие "Региональный проект "Комфортный край" | C93: =C94 -> 2400 | D93: =D94 -> 0 | E93: =E94 -> 2160 | F93: =F94 -> 240 | G93: =G94 -> 0 | H93: =H94 -> 0 | I93: =I94 -> 0 | J93: =J94 -> 0 | K93: =K94 -> 2400 | L93: =D93-H93 -> 0 | M93: =E93-I93 -> 2160 | N93: =F93-J93 -> 240
B94: Мероприятие "Участие в реализации мероприятия по направлению «Школьная остановка» регионального проекта «Комфортный край»" | C94: =F94+E94 -> 2400 | D94: 0 | E94: 2160 | F94: 240 | G94: =J94 -> 0 | H94: 0 | I94: 0 | J94: 0 | K94: =N94+M94 -> 2400 | L94: =D94-H94 -> 0 | M94: =E94-I94 -> 2160 | N94: =F94-J94 -> 240
B96: Нераспределенный остаток средств дорожного фонда, тыс. рублей: | D96: =E4+C12-C26 -> 0
